 Dungeon Crawl Stone Soup version 0.29.1 (webtiles) character file.

Game seed: 11429335534129518556

537385 qw the Slayer (level 25, -9/181 HPs)
             Began as a Gargoyle Fighter on Sept 13, 2022.
             Was a High Priest of Okawaru.
             Mangled by an Orb Guardian (14 damage)
             ... on level 5 of the Realm of Zot.
             The game lasted 00:36:18 (60473 turns).

qw the Slayer (Gargoyle Fighter)                   Turns: 60473, Time: 00:36:18

Health: -9/181     AC: 66    Str: 29 (30) XL:     25   Next: 86%
Magic:  10/27      EV: 16    Int: 10 (11) God:    Okawaru [*****.]
Gold:   1736       SH: 24    Dex: 11      Spells: 24/24 levels left

rFire   + . .      SeeInvis +   G - +1 war axe "Xac Losch" {vamp, Dex+6}
rCold   + + .      Faith    .   b - +0 tower shield
rNeg    + + .      Spirit   .   P - +1 gold dragon scales
rPois   inf        Reflect  .   r - +2 hat {SInv}
rElec   +          Harm     .   K - +4 cloak "Anom" {rC+ Int+2 SInv}
rCorr   .          Rampage  .   m - +2 pair of gloves
Will    ++++.      Clarity  +   J - +1 pair of boots
Stlth   ..........              z - amulet of the Four Winds {rN+ Will+++ Clar}
HPRegen 0.40/turn               I - +4 ring of protection
MPRegen 0.20/turn               L - +4 ring of evasion

@: about to teleport, heroic, marked, flying, contaminated, glowing
A: sickness immunity, AC +19, big wings, negative energy resistance 1,
electricity resistance, torment resistance 1, petrification resistance, horns 1,
clumsy 2, deterioration 2, dopey 1, low MP 1, screaming 1
}: 3/15 runes: barnacled, silver, gossamer
a: Renounce Religion, Heroism, Finesse, Duel


You were on level 5 of the Realm of Zot.
You worshipped Okawaru.
Okawaru was extremely pleased with you.
You visited 9 branches of the dungeon, and saw 45 of its levels.
You also visited: Sewer.

You collected 6681 gold pieces.
You spent 4945 gold pieces at shops.


Innate Abilities, Weirdness & Mutations

You are immune to sickness and miasma.
Your stone body is resilient. (AC +19)
You are immune to poison.
Your large and strong wings let you fly.
You resist negative energy. (rN+)
You are resistant to electric shocks. (rElec)
You are resistant to unholy torment.
You are immune to petrification.
You have a pair of small horns on your head.
You are very clumsy. (Dex -4)
Your body often deteriorates upon taking damage.
You are dopey. (Int -2)
Your magical capacity is low. (-10% MP)
You occasionally shout uncontrollably at your foes.


   Skills:
 - Level 25.0(27) Fighting
 - Level 18.0(23.0) Axes
 + Level 14.4(19.4) Throwing
 - Level 22.0(27) Armour
 - Level 10.0(15.0) Dodging
 - Level 22.0(27) Shields
 - Level 10.0 Invocations


You had 24 spell levels left.
You didn't know any spells.
Your spell library was empty.

Inventory:

Hand Weapons
 g - the +5 hand axe of Terra Nullius {holy, rPois rCorr Str-3 SInv}
   (You found it on level 5 of the Dungeon)

   It has been blessed by the Shining One to cause great damage to the undead
   and demons.
   Str:       It affects your strength (-3).
   rPois:     It protects you from poison.
   SInv:      It lets you see invisible.
   rCorr:     It protects you from acid and corrosion.
 q - a +5 broad axe of electrocution
 G - the +1 war axe "Xac Losch" (weapon) {vamp, Dex+6}
   (Okawaru gifted it to you on level 2 of the Vaults)

   It occasionally heals its wielder for a portion of the damage dealt when it
   wounds a living foe.
   Dex:       It affects your dexterity (+6).
Missiles
 y - 26 javelins
 M - 9 silver javelins (quivered)
Armour
 b - a +0 tower shield (worn)
 f - the +0 tower shield "Ulaaca" {rElec rF- rC- rCorr}
   (Okawaru gifted it to you on level 3 of the Shoals)

   rF:        It makes you vulnerable to fire.
   rC:        It makes you vulnerable to cold.
   rElec:     It insulates you from electricity.
   rCorr:     It protects you from acid and corrosion.
 m - a +2 pair of gloves (worn)
 p - the +8 chain mail of the Big Bang {*Slow rC+ Str+5 Int+8}
   (Okawaru gifted it to you on level 5 of the Lair of Beasts)

   Str:       It affects your strength (+5).
   Int:       It affects your intelligence (+8).
   rC:        It protects you from cold.
   *Slow:     It may slow you when you take damage.
 r - a +2 hat of see invisible (worn)
 w - +0 acid dragon scales
 C - the +9 chain mail of the Iron Devil {-Tele rN+++ Int+4}
   (You found it on level 5 of the Vaults)

   Int:       It affects your intelligence (+4).
   rN:        It renders you almost immune to negative energy.
   -Tele:     It prevents most forms of teleportation.
 J - a +1 pair of boots (worn)
 K - the +4 cloak "Anom" (worn) {rC+ Int+2 SInv}
   (You bought it in a shop on level 4 of the Vaults)

   Int:       It affects your intelligence (+2).
   rC:        It protects you from cold.
   SInv:      It lets you see invisible.
 N - the +0 pair of gloves "Attepte" {rElec rC- rCorr Str-3}
   (You found it on level 5 of the Vaults)

   Str:       It affects your strength (-3).
   rC:        It makes you vulnerable to cold.
   rElec:     It insulates you from electricity.
   rCorr:     It protects you from acid and corrosion.
 O - a +0 crystal plate armour
 P - +1 gold dragon scales (worn)
Jewellery
 e - a ring of protection from fire
 n - a ring of protection from cold
 s - the ring "Hott" {rF+ Stlth+}
   (You bought it in a shop on level 1 of the Depths)

   [ring of protection from fire]

   rF:        It protects you from fire.
   Stlth:     It makes you more stealthy.
 z - the amulet of the Four Winds (around neck) {rN+ Will+++ Clar}
   (You took it off the Enchantress on level 2 of the Depths)

   [amulet of nothing]

   rN:        It protects you from negative energy.
   Clar:      It protects you against confusion.
   Will:      It greatly increases your willpower.
 D - the ring "Pepleimmi" {rC- Will+ Str+5}
   (You bought it in a shop on level 13 of the Dungeon)

   [ring of willpower]

   Str:       It affects your strength (+5).
   rC:        It makes you vulnerable to cold.
   Will:      It increases your willpower.
 E - an amulet of reflection
 F - a ring of ice
 I - a +4 ring of protection (left hand)
 L - a +4 ring of evasion (right hand)
Scrolls
 a - 24 scrolls of identify
 c - 4 scrolls of enchant weapon
 l - 8 scrolls of blinking
 t - 6 scrolls of fog
 x - 4 scrolls of teleportation
Potions
 d - 7 potions of might
 h - 4 potions of attraction
 i - 7 potions of lignification
 o - 11 potions of haste
 u - 7 potions of mutation
 v - 3 potions of cancellation
 B - 3 potions of magic
 H - 8 potions of curing

Dungeon Overview and Level Annotations

Branches:
Dungeon (15/15)            Temple (1/1) D:5            Lair (5/5) D:8
 Shoals (4/4) Lair:2       Spider (4/4) Lair:3        Slime (0/5) Lair:4
    Orc (2/2) D:12            Elf (0/3) Orc:2        Vaults (5/5) D:14
  Crypt (0/3) Vaults:2     Depths (4/4) D:15            Zot (5/5) Depths:4
  Sewer (visited)

Altars:
Ashenzari
Cheibriados
Dithmenos
Elyvilon
Fedhas
Gozag
Hepliaklqana
Kikubaaqudgha
Makhleb
Nemelex Xobeh
Okawaru
Qazlal
Ru
Sif Muna
Trog
Uskayaw
Vehumet
Wu Jian
Xom
Yredelemnul
Zin
The Shining One
Jiyva
Lugonu

Shops:
D:5 :   D:13 =   Orc:1 [   Orc:2 ?=(*   Vaults:4 [   Vaults:5 (   Depths:1 *

Portals:
Hell: Depths:1 Depths:2 Depths:3 Depths:4
Abyss: Lair:5 Zot:4 Depths:3 Depths:4
Pandemonium: Depths:2
Ziggurat: Depths:4

Annotations:
D:5 2 transporters
D:7 2 transporters, qw's ghost, novice MiBe
Shoals:1 1 runed translucent door
Spider:2 2 transporters
Orc:1 1 runed translucent door, Jisity's ghost, adept HuFi
Vaults:1 2 transporters
Vaults:5 Mennas
Zot:4 2 transporters, qw's ghost, veteran TeWr


Message History

The Orb Guardian closely misses you. The Orb Guardian hits you!!
Your body deteriorates!
You feel weakened. The Orb Guardian hits you! The Orb Guardian hits you.
The Orb Guardian barely misses you. The Orb Guardian closely misses you.
The Orb Guardian hits you.
The Orb Guardian hits you but does no damage.
The Orb Guardian completely misses you.
The Orb Guardian hits you but does no damage. x3
You struggle against the net.
The Orb Guardian hits you! x3
The Orb Guardian hits you but does no damage.
The Orb Guardian closely misses you. The Orb Guardian hits you!!
Your body deteriorates!
You feel dopey.
The Orb Guardian hits you but does no damage. x3
60471 ||| READING 5 scrolls of teleportation.
As you read the scroll of teleportation, it crumbles to dust.
You feel strangely unstable.
You feel the Orb delaying your translocation!
The Orb Guardian hits you but does no damage. x3
The Orb Guardian hits you! The Orb Guardian barely misses you.
The Orb Guardian hits you but does no damage. x3
The Orb Guardian hits you!
60472 ||| DRINKING potion of heal wounds.
You feel much better.
The Orb Guardian hits you but does no damage. x4
The Orb Guardian hits you!
An Orb Guardian comes into view.
You yell at the Orb Guardian!
An orb of fire comes into view.
The Orb Guardian hits you but does no damage.
The Orb Guardian barely misses you. The Orb Guardian hits you!!
The Orb Guardian hits you but does no damage.
The Orb Guardian closely misses you. The Orb Guardian hits you.
You rip the net and break free!
You block the Orb Guardian's attack.
You hear a loud "Zot"!
You block the Orb Guardian's attack.
The Orb Guardian hits you but does no damage. x2
You block the Orb Guardian's attack. The Orb Guardian hits you!
You die...

....... ....... ......^
......#
##############X....##
###............*^.....#
##....##.)X..^.XXXX.....
#...###...%...^X@XX.....
...###..)..^....XX......
..## #..................
..# #..........).....^.
.## #..................
.# #......^...........
.## #..................
..# ##........|........
..## ##................


You could see an orb of fire and 11 Orb Guardians.

Vanquished Creatures
  A dread lich (Zot:5)
  3 orbs of fire
  2 juggernauts
  4 Killer Klowns
  A curse toe (Zot:3)
  4 caustic shrikes
  10 golden dragons
  Jory (Vaults:5)
  the Enchantress (Depths:2)
  An electric golem (Zot:5)
  Rupert (D:13)
  Mlioglotl (Spider:1)
  17 tentacled monstrosities
  A deep elf blademaster (Depths:3)
  12 Orb Guardians (Zot:5)
  3 liches
  A walking crystal tome (Depths:4)
  4 titans
  11 quicksilver dragons
  A kraken (Shoals:3)
  A deep elf master archer (Depths:3)
  Polyphemus (Shoals:3)
  11 death cobs
  An ancient champion (Depths:1)
  Kirke (Spider:4)
  Gastronok (D:8)
  Agnes (Spider:4)
  4 tengu reavers
  10 sphinxes
  9 shadow dragons
  21 storm dragons
  9 draconian monks
  Roxanne (Spider:4)
  2 fenstrider witches (shapeshifter) (Depths:3)
  4 draconian knights
  9 fire giants
  Ilsuiw (Shoals:3)
  An emperor scorpion (Spider:4)
  10 ghost moths
  5 frost giants
  2 iron dragons (shapeshifter) (Depths:3)
  3 iron dragons
  2 orc warlords (Vaults:3)
  11 vault wardens
  Louise (Spider:4)
  A draconian scorcher (Zot:3)
  A curse skull (Vaults:2)
  A deep elf elementalist (Depths:3)
  8 draconian stormcallers
  9 draconian shifters
  16 very ugly things
  2 draconian annihilators
  3 spriggan defenders (Depths:2)
  13 stone giants
  13 ironbound preservers
  An elemental wellspring (Depths:2)
  2 broodmothers
  3 war gargoyles
  7 ironbound thunderhulks
  8 green draconians
  A vampire knight (Depths:4)
  An eleionoma (shapeshifter) (Depths:3)
  9 purple draconians
  11 red draconians
  13 spark wasps
  A lorocyproca (Depths:3)
  A bunyip (shapeshifter) (Vaults:5)
  10 black draconians
  7 entropy weavers
  5 deep elf annihilators
  7 dire elephants
  10 yellow draconians
  11 white draconians
  18 ettins
  A blizzard demon (Depths:2)
  3 jiangshi (Depths:1)
  12 merfolk impalers
  A crystal guardian (Depths:3)
  A fire dragon (shapeshifter) (Depths:3)
  A great orb of eyes (shapeshifter) (Vaults:5)
  6 merfolk javelineers
  Josephine (Shoals:1)
  2 deep elf high priests
  7 great orbs of eyes
  19 yaktaur captains
  5 boulder beetles
  7 fire dragons
  2 ghost crabs (Spider:1)
  26 vault guards
  12 ice dragons
  A salamander tyrant (Depths:3)
  9 ironbound frosthearts
  3 rakshasas
  Erolcha (D:10)
  A catoblepas (Shoals:3)
  5 hydras
  8 merfolk avatars
  12 spriggan air magi
  3 ogre magi
  A death knight (Vaults:2)
  3 radroaches
  An alligator (shapeshifter) (D:15)
  14 two-headed ogres
  A satyr (Shoals:4)
  An alligator snapping turtle (Shoals:3)
  6 merfolk aquamancers
  2 centaur warriors
  A death scarab (Spider:3)
  9 deep troll earth magi
  12 death yaks
  9 tengu warriors
  2 vampire magi (Depths:1)
  7 deep troll shamans
  3 dancing weapons (Depths:3)
  6 spriggan berserkers
  2 orc high priests
  2 thrashing horrors (Lair:5)
  A titan zombie (Depths:1)
  3 hell knights
  A sun demon (Depths:2)
  8 iron trolls
  A soul eater (Depths:2)
  2 skeletal warriors (Depths:1)
  3 orb spiders (Spider:4)
  3 pharaoh ants
  A flayed ghost (Depths:4)
  2 sun moths
  A fire crab (shapeshifter) (Vaults:5)
  An orange crystal statue (Depths:2)
  14 sea snakes
  4 steelbarb worms
  33 deep trolls
  2 swamp dragons (shapeshifter) (Vaults:5)
  2 glowing orange brains
  An orb spider (shapeshifter) (Depths:3)
  9 ironbound convokers
  22 harpies
  A sphinx zombie (Depths:1)
  15 orc knights
  4 wizards
  An oklob plant (Lair:5)
  3 necromancers
  4 lindwurms
  4 deep elf pyromancers
  4 spectral wolf spiders (Spider:3)
  6 phantasmal warriors
  4 wolf spider zombies (Spider:3)
  14 wolf spiders
  8 fauns
  3 orc sorcerers (Orc:2)
  36 ugly things
  A salamander (Depths:1)
  12 manticores
  A manticore (shapeshifter) (Vaults:5)
  6 cyclopes
  A salamander (shapeshifter) (Vaults:4)
  A rust devil (Depths:2)
  10 merfolk sirens
  A fire giant skeleton (Depths:1)
  14 vault sentinels
  Joseph (D:7)
  36 moths of wrath
  10 cane toads
  3 torpor snails (Spider:2)
  6 water nymphs
  6 black mambas
  25 elephants
  A guardian serpent (shapeshifter) (Lair:5)
  A gargoyle (D:14)
  3 smoke demons
  6 demonic crawlers
  Maggie (D:8)
  A cane toad (shapeshifter) (D:13)
  2 hellions (Zot:2)
  3 rime drakes
  A kobold demonologist (D:13)
  4 unseen horrors
  An efreet (D:12)
  8 komodo dragons
  5 freezing wraiths
  A komodo dragon (shapeshifter) (Depths:3)
  A yaktaur skeleton (Vaults:3)
  19 yaktaurs
  A hellwing (Depths:2)
  2 ancient zymes (Lair:5)
  4 tengu conjurers
  4 harpy zombies (Shoals:2)
  A troll (shapeshifter) (D:14)
  5 hornets
  42 slime creatures
  15 trolls
  14 wind drakes
  3 meliai (D:15)
  5 wolf spider simulacra (Spider:3)
  34 merfolk
  21 tarantellas
  5 tyrant leeches (Spider:1)
  5 saltlings (Orc:2)
  8 snapping turtles
  A spriggan zombie (Depths:1)
  4 dream sheep (Shoals:2)
  31 blink frogs
  2 human skeletons (Vaults:3)
  A centaur simulacrum (D:10)
  21 jumping spiders
  A shadow (D:10)
  A jumping spider (shapeshifter) (D:14)
  Sigmund (D:2)
  6 spriggans
  A large abomination (Lair:5)
  A vampire (D:9)
  5 wraiths
  3 ynoxinuls
  21 culicivoras
  21 water elementals
  5 wyverns
  3 hogs (Spider:4)
  32 yaks
  A redback (shapeshifter) (D:14)
  10 basilisks
  Grum (D:8)
  2 steam dragons
  4 humans (Spider:4)
  4 chaos spawn
  56 redbacks
  9 small abominations (Lair:5)
  Menkaure (D:7)
  14 wargs
  3 acid dragons
  21 vampire mosquitoes
  Edmund (D:5)
  16 water moccasins
  Duvessa (D:6)
  A floating eye (shapeshifter) (Depths:3)
  28 orc warriors
  5 ice beasts
  A sky beast (D:7)
  12 ogres
  4 black bears
  13 wolves
  7 centaurs
  3 phantoms
  7 kobold brigands
  8 bullfrogs
  3 necrophages
  A gnoll sergeant (D:10)
  6 scorpions
  6 wights
  Dowan (D:6)
  5 killer bees (D:11)
  7 electric eels
  2 howler monkeys
  2 lava snakes (Lair:1)
  2 jellies
  25 orc priests
  A hound (D:4)
  7 iguanas
  21 orc wizards
  15 gnolls
  9 adders
  4 river rats (Sewer)
  A shadow imp (D:7)
  5 white imps
  3 ufetubi
  5 worms
  3 dart slugs
  93 orcs
  12 endoplasms
  8 giant cockroaches
  10 goblins
  3 hobgoblins
  4 jackals (D:4)
  16 kobolds
  9 quokkas
  5 ball pythons
  2 bats
  4 frilled lizards
  10 rats
  A creeping inferno (Zot:2)
  A pillar of salt (Orc:2)
  3 tentacles (Shoals:3)
1917 creatures vanquished.

Vanquished Creatures (others)
  A draconian knight (Zot:3)
  A red draconian (Zot:2)
  A white draconian (Zot:2)
  A merfolk aquamancer (Shoals:3)
  An orc wizard (D:8)
  24 fungi
  A pillar of salt (Orc:2)
  91 plants
  3 tentacles (Shoals:3)
  A withered plant (D:4)
125 creatures vanquished.

Grand Total: 2042 creatures vanquished

Notes
Turn   | Place    | Note
-------+----------+-------------------------------------------
     0 | D:1      | qw the Gargoyle Fighter began the quest for the Orb.
     0 | D:1      | Reached XP level 1. HP: 14/14 MP: 1/1
     0 | D:1      | 0 ||| qw: Version: 0.1-a-119-g272c26d
     0 | D:1      | 0 ||| qw: Game counter: 11186
     0 | D:1      | 0 ||| qw: Always use a shield: true
     0 | D:1      | 0 ||| qw: God list: Okawaru
     0 | D:1      | 0 ||| qw: Allow faded altars: false
     0 | D:1      | 0 ||| qw: Do Orc after D:15 true
     0 | D:1      | 0 ||| qw: Do second Lair branch before Depths: true
     0 | D:1      | 0 ||| qw: Lair rune preference: random
     0 | D:1      | 0 ||| qw: Plans: Normal, Zot, God:TSO, Crypt, Tomb, Pan,
                  | Slime, Hells, Zig, Abyss, Orb
     0 | D:1      | 0 ||| PLANNING D:1-11
    82 | D:1      | 82 ||| Stepping ~*~*~tactically~*~*~ (stealth).
   107 | D:1      | You fall into a shaft and drop 1 floor!
   225 | D:1      | Reached XP level 2. HP: 19/19 MP: 2/2
   339 | D:1      | 339 ||| Stepping ~*~*~tactically~*~*~ (stealth).
   340 | D:1      | 340 ||| Stepping ~*~*~tactically~*~*~ (stealth).
   468 | D:1      | 468 ||| Stepping ~*~*~tactically~*~*~ (hiding).
   481 | D:1      | Reached skill level 3 in Axes
   481 | D:1      | Reached XP level 3. HP: 7/23 MP: 3/3
   806 | D:1      | 806 ||| Stepping ~*~*~tactically~*~*~ (hiding).
   920 | D:1      | Found a faded altar of an unknown god.
  1266 | D:1      | 1266 ||| UPGRADING to +2 ring mail of fire resistance.
  1276 | D:1      | 1276 ||| DROPPING +0 scale mail.
  1277 | D:1      | 1277 ||| DROPPING +1 leather armour of fire resistance.
  1278 | D:1      | 1278 ||| READING 2 scrolls labelled QAODWU XAEB.
  1400 | D:2      | Reached skill level 1 in Throwing
  1480 | D:2      | 1480 ||| Stepping ~*~*~tactically~*~*~ (stealth).
  1484 | D:2      | 1484 ||| Stepping ~*~*~tactically~*~*~ (stealth).
  1485 | D:2      | 1485 ||| Stepping ~*~*~tactically~*~*~ (stealth).
  1490 | D:2      | 1490 ||| Stepping ~*~*~tactically~*~*~ (stealth).
  1497 | D:2      | 1497 ||| Stepping ~*~*~tactically~*~*~ (stealth).
  1814 | D:2      | Noticed Sigmund
  1820 | D:2      | Killed Sigmund
  1821 | D:2      | Reached XP level 4. HP: 28/28 MP: 4/4
  1821 | D:2      | Reached XP level 5. HP: 32/32 MP: 5/5
  1874 | D:2      | 1874 ||| UPGRADING to +6 ring of dexterity.
  1875 | D:2      | 1875 ||| UPGRADING to ring of positive energy.
  1876 | D:2      | 1876 ||| DRINKING 2 bubbling dark potions.
  1909 | D:2      | 1909 ||| READING 2 scrolls of identify.
  1909 | D:2      | 1909 ||| IDENTIFYING golden potion
  1910 | D:2      | 1910 ||| DROPPING potion of flight.
  2052 | D:3      | 2052 ||| DROPPING +0 whip.
  2057 | D:3      | Found a hide-covered altar of Uskayaw.
  2261 | D:3      | 2261 ||| Stepping ~*~*~tactically~*~*~ (stealth).
  2262 | D:3      | 2262 ||| Stepping ~*~*~tactically~*~*~ (stealth).
  2263 | D:3      | 2263 ||| Stepping ~*~*~tactically~*~*~ (stealth).
  2265 | D:3      | 2265 ||| Stepping ~*~*~tactically~*~*~ (stealth).
  2271 | D:3      | Reached XP level 6. HP: 37/37 MP: 6/6
  2287 | D:3      | Noticed an ice beast
  2288 | D:3      | Reached skill level 1 in Dodging
  2288 | D:3      | 2288 ||| Stepping ~*~*~tactically~*~*~ (stealth).
  2305 | D:3      | Killed an ice beast
  2306 | D:3      | Reached skill level 4 in Fighting
  2493 | D:3      | Found an opulent altar of Gozag.
  2531 | D:3      | 2531 ||| Stepping ~*~*~tactically~*~*~ (stealth).
  2534 | D:3      | 2534 ||| Stepping ~*~*~tactically~*~*~ (stealth).
  2539 | D:3      | Found a sparkling altar of Nemelex Xobeh.
  2541 | D:3      | 2541 ||| Stepping ~*~*~tactically~*~*~ (stealth).
  2580 | D:3      | 2580 ||| Stepping ~*~*~tactically~*~*~ (hiding).
  2722 | D:3      | 2722 ||| DROPPING +3 whip of pain.
  3051 | D:3      | Found a bloodstained altar of Trog.
  3224 | D:3      | 3224 ||| UPGRADING to ring of protection from fire.
  3226 | D:3      | 3226 ||| READING scroll labelled DANANA NUXIODA.
  3227 | D:3      | 3227 ||| READING scroll labelled HOIT IRCHABA.
  3228 | D:3      | 3228 ||| READING 3 scrolls labelled SAULAE AGARCH.
  3229 | D:3      | 3229 ||| READING scroll labelled NYSIMI UDOMIL.
  3230 | D:3      | 3230 ||| READING scroll labelled PUOM NAX TYUXT.
  3231 | D:3      | 3231 ||| DRINKING 2 pink potions.
  3263 | D:4      | Found a radiant altar of Vehumet.
  3269 | D:4      | 3269 ||| STAIRDANCE
  3322 | D:4      | 3322 ||| STAIRDANCE
  3327 | D:3      | Reached XP level 7. HP: 43/44 MP: 7/7
  3336 | D:4      | 3336 ||| STAIRDANCE
  3363 | D:4      | Reached skill level 6 in Axes
  3423 | D:4      | Found a basalt altar of Yredelemnul.
  3542 | D:4      | 3542 ||| Stepping ~*~*~tactically~*~*~ (stealth).
  3838 | D:4      | Reached skill level 5 in Fighting
  3838 | D:4      | Reached XP level 8. HP: 34/49 MP: 8/8
  4157 | D:4      | 4157 ||| UPGRADING to +0 helmet.
  4162 | D:4      | 4162 ||| UPGRADING to amulet of regeneration.
  4167 | D:4      | 4167 ||| DROPPING ring of positive energy.
  4168 | D:4      | 4168 ||| UPGRADING to +6 ring of strength.
  4170 | D:4      | 4170 ||| UPGRADING to +6 ring of dexterity.
  4172 | D:4      | 4172 ||| READING scroll labelled AZACSUOFYO.
  4173 | D:4      | 4173 ||| READING scroll labelled VICWOA ISMAL.
  4176 | D:4      | 4176 ||| READING 2 scrolls of identify.
  4176 | D:4      | 4176 ||| IDENTIFYING black potion
  4177 | D:4      | 4177 ||| DROPPING potion of degeneration.
  4201 | D:5      | Entered Level 5 of the Dungeon
  4207 | D:5      | Noticed a yak
  4209 | D:5      | Noticed a shadow
  4211 | D:5      | Noticed a two-headed ogre
  4254 | D:5      | Found a glowing silver altar of Zin.
  4263 | D:5      | Found a transporter.
  4273 | D:5      | Found a transporter.
  4306 | D:5      | Noticed Edmund
  4308 | D:5      | 4308 ||| Stepping ~*~*~tactically~*~*~ (stealth).
  4308 | D:5      | Identified the +5 hand axe of Terra Nullius {holy, rPois
                  | rCorr Str-3 SInv}
  4309 | D:5      | 4309 ||| Stepping ~*~*~tactically~*~*~ (stealth).
  4323 | D:5      | Killed Edmund
  4330 | D:5      | 4330 ||| Stepping ~*~*~tactically~*~*~ (stealth).
  4331 | D:5      | 4331 ||| Stepping ~*~*~tactically~*~*~ (stealth).
  4356 | D:5      | 4356 ||| DROPPING +0 flail.
  4382 | D:5      | Found a staircase to the Ecumenical Temple.
  4383 | D:5      | 4383 ||| PLANNING TEMPLE
  4383 | D:5      | 4383 ||| UPGRADING to +0 pair of gloves.
  4388 | D:5      | 4388 ||| UPGRADING to +0 chain mail.
  4398 | D:5      | 4398 ||| UPGRADING to ring of protection from fire.
  4400 | D:5      | 4400 ||| READING scroll labelled TURECL ZOMI.
  4410 | Temple   | Entered the Ecumenical Temple
  4465 | Temple   | 4465 ||| PLANNING D:1-11
  4508 | D:5      | 4508 ||| Stepping ~*~*~tactically~*~*~ (stealth).
  4543 | D:5      | Found a hazy altar of Hepliaklqana.
  4653 | D:5      | Reached skill level 6 in Fighting
  4844 | D:5      | Found Joboavim's Book Shop.
  4895 | D:6      | 4895 ||| PLANNING SEWER
  4911 | D:6      | Reached XP level 9. HP: 55/55 MP: 9/9
  4920 | D:6      | 4920 ||| Stepping ~*~*~tactically~*~*~ (stealth).
  4922 | D:6      | 4922 ||| Stepping ~*~*~tactically~*~*~ (hiding).
  4943 | D:6      | 4943 ||| Stepping ~*~*~tactically~*~*~ (stealth).
  4944 | D:6      | 4944 ||| Stepping ~*~*~tactically~*~*~ (stealth).
  4945 | D:6      | 4945 ||| Stepping ~*~*~tactically~*~*~ (stealth).
  4969 | D:6      | Reached skill level 9 in Axes
  4978 | D:6      | 4978 ||| Stepping ~*~*~tactically~*~*~ (stealth).
  5057 | D:6      | 5057 ||| Stepping ~*~*~tactically~*~*~ (hiding).
  5080 | D:6      | 5080 ||| Stepping ~*~*~tactically~*~*~ (stealth).
  5083 | D:6      | 5083 ||| Stepping ~*~*~tactically~*~*~ (hiding).
  5128 | D:6      | Noticed Duvessa
  5128 | D:6      | Noticed Dowan
  5134 | D:6      | Killed Duvessa
  5135 | D:6      | Reached skill level 7 in Fighting
  5136 | D:6      | Killed Dowan
  5144 | D:6      | 5144 ||| Stepping ~*~*~tactically~*~*~ (stealth).
  5311 | D:6      | Found a glowing drain.
  5329 | Sewer    | Entered a sewer
  5730 | Sewer    | 5730 ||| Stepping ~*~*~tactically~*~*~ (water).
  5817 | Sewer    | 5817 ||| READING scroll labelled KOZUULYMUDGH.
  5843 | D:6      | 5843 ||| PLANNING D:1-11
  6106 | D:6      | 6106 ||| Stepping ~*~*~tactically~*~*~ (stealth).
  6225 | D:6      | 6225 ||| DROPPING +2 ring mail of fire resistance.
  6226 | D:6      | 6226 ||| DROPPING scarf of harm.
  6227 | D:6      | 6227 ||| UPGRADING to +0 plate armour.
  6237 | D:6      | 6237 ||| DROPPING +0 chain mail.
  6238 | D:6      | 6238 ||| READING scroll labelled WUXOTHR QACAMEI.
  6239 | D:6      | 6239 ||| READING scroll labelled LIL MUOSTRI.
  6240 | D:6      | 6240 ||| READING 3 scrolls of identify.
  6240 | D:6      | 6240 ||| IDENTIFYING inky potion
  6241 | D:6      | 6241 ||| READING 2 scrolls of identify.
  6241 | D:6      | 6241 ||| IDENTIFYING dark potion
  6242 | D:6      | 6242 ||| DROPPING potion of brilliance.
  6308 | D:7      | Noticed Joseph
  6309 | D:7      | 6309 ||| STAIRDANCE
  6343 | D:7      | 6343 ||| STAIRDANCE
  6347 | D:6      | Reached XP level 10. HP: 58/63 MP: 10/10
  6359 | D:7      | 6359 ||| Stepping ~*~*~tactically~*~*~ (stealth).
  6368 | D:7      | Reached skill level 6 in Armour
  6372 | D:7      | Killed Joseph
  6373 | D:7      | Reached skill level 8 in Fighting
  6423 | D:7      | 6423 ||| FLEEEEING.
  6424 | D:7      | 6424 ||| FLEEEEING.
  6425 | D:7      | 6425 ||| FLEEEEING.
  6434 | D:7      | 6434 ||| Stepping ~*~*~tactically~*~*~ (hiding).
  6474 | D:7      | 6474 ||| READING scroll of enchant weapon.
  6474 | D:7      | 6474 ||| ENCHANTING +1 war axe of electrocution.
  6503 | D:7      | Found a transporter.
  6503 | D:7      | Found a transporter.
  6567 | D:7      | Noticed qw's ghost (novice MiBe)
  6586 | D:7      | Noticed Menkaure
  6600 | D:7      | Killed Menkaure
  6634 | D:7      | 6634 ||| READING scroll of brand weapon.
  6634 | D:7      | 6634 ||| BRANDING +2 war axe of electrocution.
  6658 | D:7      | Found an iron altar of Okawaru.
  6737 | D:7      | Found an ancient bone altar of Kikubaaqudgha.
  6928 | D:7      | Became a worshipper of Warmaster Okawaru
  6981 | D:8      | 6981 ||| Stepping ~*~*~tactically~*~*~ (stealth).
  6983 | D:8      | 6983 ||| Stepping ~*~*~tactically~*~*~ (stealth).
  6986 | D:8      | 6986 ||| Stepping ~*~*~tactically~*~*~ (stealth).
  6995 | D:8      | Noticed Grum
  6996 | D:8      | Noticed Gastronok
  7011 | D:8      | HP: 15/65 [Grum/-1 spear of venom (6)]
  7012 | D:8      | 7012 ||| READING 3 scrolls of teleportation.
  7013 | D:8      | 7013 ||| DRINKING 3 potions of heal wounds.
  7016 | D:8      | Found a shadowy altar of Dithmenos.
  7062 | D:8      | 7062 ||| Stepping ~*~*~tactically~*~*~ (hiding).
  7064 | D:8      | 7064 ||| Stepping ~*~*~tactically~*~*~ (hiding).
  7073 | D:8      | Killed Gastronok
  7073 | D:8      | Reached * piety under Okawaru
  7073 | D:8      | Reached ** piety under Okawaru
  7242 | D:8      | 7242 ||| INVOKING Heroism.
  7247 | D:8      | Killed Grum
  7248 | D:8      | Reached skill level 1 in Invocations
  7289 | D:8      | 7289 ||| Stepping ~*~*~tactically~*~*~ (stealth).
  7290 | D:8      | Noticed Maggie
  7291 | D:8      | 7291 ||| Stepping ~*~*~tactically~*~*~ (hiding).
  7299 | D:8      | 7299 ||| INVOKING Heroism.
  7313 | D:8      | 7313 ||| INVOKING Heroism.
  7326 | D:8      | Killed Maggie
  7327 | D:8      | Reached skill level 9 in Fighting
  7335 | D:8      | Reached skill level 3 in Invocations
  7335 | D:8      | Reached XP level 11. HP: 48/71 MP: 9/13
  7340 | D:8      | 7340 ||| INVOKING Heroism.
  7379 | D:8      | Found a staircase to the Lair.
  7399 | D:8      | 7399 ||| Stepping ~*~*~tactically~*~*~ (stealth).
  7401 | D:8      | 7401 ||| Stepping ~*~*~tactically~*~*~ (hiding).
  7614 | D:8      | 7614 ||| Stepping ~*~*~tactically~*~*~ (hiding).
  8021 | D:8      | 8021 ||| PLANNING LAIR
  8021 | D:8      | 8021 ||| UPGRADING to +0 hat of see invisible.
  8031 | D:8      | 8031 ||| DROPPING orb of light.
  8032 | D:8      | 8032 ||| READING scroll labelled MUFO KITZ.
  8033 | D:8      | 8033 ||| DRINKING 2 coppery potions.
  8034 | D:8      | 8034 ||| DRINKING 2 metallic ruby potions.
  8081 | Lair:1   | Entered Level 1 of the Lair of Beasts
  8116 | Lair:1   | 8116 ||| INVOKING Heroism.
  8119 | Lair:1   | Reached *** piety under Okawaru
  8161 | Lair:1   | 8161 ||| INVOKING Heroism.
  8302 | Lair:1   | 8302 ||| INVOKING Heroism.
  8307 | Lair:1   | 8307 ||| Stepping ~*~*~tactically~*~*~ (stealth).
  8310 | Lair:1   | Reached skill level 12 in Axes
  8323 | Lair:1   | 8323 ||| INVOKING Heroism.
  8342 | Lair:1   | Reached skill level 6 in Shields
  8357 | Lair:1   | 8357 ||| INVOKING Heroism.
  8360 | Lair:1   | Reached **** piety under Okawaru
  8396 | Lair:1   | 8396 ||| Stepping ~*~*~tactically~*~*~ (stealth).
  8401 | Lair:1   | 8401 ||| INVOKING Heroism.
  8403 | Lair:1   | Received a gift from Okawaru
  8502 | Lair:1   | 8502 ||| INVOKING Heroism.
  8529 | Lair:1   | Identified the +2 hand axe "Thing" {venom, *Rage Will+
                  | Dex+4}
  8567 | Lair:1   | 8567 ||| Stepping ~*~*~tactically~*~*~ (stealth).
  8707 | Lair:1   | 8707 ||| READING scroll of enchant armour.
  8707 | Lair:1   | 8707 ||| ENCHANTING +0 pair of gloves.
  8716 | Lair:1   | 8716 ||| INVOKING Heroism.
  8826 | Lair:1   | 8826 ||| READING 2 scrolls of identify.
  8826 | Lair:1   | 8826 ||| IDENTIFYING fuming emerald potion
  8827 | Lair:1   | 8827 ||| DROPPING potion of berserk rage.
  8841 | Lair:2   | 8841 ||| INVOKING Heroism.
  8901 | Lair:2   | 8901 ||| Stepping ~*~*~tactically~*~*~ (stealth).
  8902 | Lair:2   | 8902 ||| Stepping ~*~*~tactically~*~*~ (stealth).
  8903 | Lair:2   | 8903 ||| INVOKING Heroism.
  8913 | Lair:2   | Reached skill level 10 in Fighting
  8913 | Lair:2   | Reached skill level 6 in Invocations
  8925 | Lair:2   | Received a gift from Okawaru
  8932 | Lair:2   | 8932 ||| INVOKING Heroism.
  8990 | Lair:2   | 8990 ||| INVOKING Heroism.
  8995 | Lair:2   | Reached XP level 12. HP: 52/77 MP: 13/16
  9089 | Lair:2   | 9089 ||| READING scroll of enchant armour.
  9089 | Lair:2   | 9089 ||| ENCHANTING +1 pair of gloves.
  9144 | Lair:2   | Noticed an eight-headed hydra
  9145 | Lair:2   | 9145 ||| Stepping ~*~*~tactically~*~*~ (stealth).
  9146 | Lair:2   | 9146 ||| INVOKING Heroism.
  9147 | Lair:2   | 9147 ||| SWAPPING to +2 flail of protection.
  9152 | Lair:2   | Killed an eight-headed hydra
  9153 | Lair:2   | 9153 ||| SWAPPING to +2 war axe of freezing.
  9497 | Lair:2   | Found a staircase to the Shoals.
  9627 | Lair:2   | 9627 ||| READING scroll labelled DUCUSCH ATHRI.
  9708 | Lair:3   | You fall into a shaft and drop 1 floor!
  9728 | Lair:4   | Noticed a death yak
  9728 | Lair:4   | Noticed a death yak
  9728 | Lair:4   | Noticed a death yak
  9729 | Lair:4   | 9729 ||| INVOKING Heroism.
  9742 | Lair:4   | Killed a death yak
  9742 | Lair:4   | Killed a death yak
  9742 | Lair:4   | Reached ***** piety under Okawaru
  9743 | Lair:4   | 9743 ||| INVOKING Finesse.
  9754 | Lair:4   | Killed a death yak
  9820 | Lair:4   | Received a gift from Okawaru
  9874 | Lair:4   | Reached skill level 9 in Invocations
 10025 | Lair:4   | 10025 ||| INVOKING Heroism.
 10030 | Lair:4   | Reached skill level 3 in Throwing
 10104 | Lair:4   | 10104 ||| INVOKING Heroism.
 10220 | Lair:4   | Received a gift from Okawaru
 10248 | Lair:4   | 10248 ||| INVOKING Heroism.
 10282 | Lair:3   | 10282 ||| Stepping ~*~*~tactically~*~*~ (stealth).
 10283 | Lair:3   | 10283 ||| INVOKING Heroism.
 10289 | Lair:3   | 10289 ||| Stepping ~*~*~tactically~*~*~ (stealth).
 10291 | Lair:3   | 10291 ||| Stepping ~*~*~tactically~*~*~ (stealth).
 10292 | Lair:3   | 10292 ||| Stepping ~*~*~tactically~*~*~ (stealth).
 10294 | Lair:3   | 10294 ||| Stepping ~*~*~tactically~*~*~ (stealth).
 10296 | Lair:3   | 10296 ||| Stepping ~*~*~tactically~*~*~ (stealth).
 10301 | Lair:3   | 10301 ||| Stepping ~*~*~tactically~*~*~ (stealth).
 10302 | Lair:3   | 10302 ||| INVOKING Heroism.
 10309 | Lair:3   | Reached skill level 9 in Armour
 10316 | Lair:3   | Reached XP level 13. HP: 66/82 MP: 18/20
 10398 | Lair:3   | 10398 ||| READING scroll of brand weapon.
 10398 | Lair:3   | 10398 ||| BRANDING +2 war axe of freezing.
 10470 | Lair:3   | 10470 ||| Stepping ~*~*~tactically~*~*~ (stealth).
 10471 | Lair:3   | 10471 ||| Stepping ~*~*~tactically~*~*~ (stealth).
 10520 | Lair:3   | 10520 ||| INVOKING Heroism.
 10532 | Lair:3   | Received a gift from Okawaru
 10646 | Lair:3   | 10646 ||| INVOKING Heroism.
 11008 | Lair:3   | 11008 ||| INVOKING Heroism.
 11009 | Lair:3   | 11009 ||| INVOKING Finesse.
 11011 | Lair:3   | 11011 ||| SWAPPING to +2 flail of protection.
 11019 | Lair:3   | 11019 ||| SWAPPING to +2 vorpal war axe.
 11103 | Lair:3   | 11103 ||| Stepping ~*~*~tactically~*~*~ (stealth).
 11106 | Lair:3   | 11106 ||| Stepping ~*~*~tactically~*~*~ (stealth).
 11132 | Lair:3   | Found a hole to the Spider Nest.
 11283 | Lair:3   | 11283 ||| DRINKING 2 orange potions.
 11284 | Lair:3   | 11284 ||| READING 4 scrolls of identify.
 11284 | Lair:3   | 11284 ||| IDENTIFYING smoky black potion
 11285 | Lair:3   | 11285 ||| DROPPING potion of ambrosia.
 11504 | Lair:4   | 11504 ||| INVOKING Heroism.
 11506 | Lair:4   | 11506 ||| INVOKING Finesse.
 11509 | Lair:4   | 11509 ||| SWAPPING to +2 flail of protection.
 11521 | Lair:4   | 11521 ||| SWAPPING to +2 vorpal war axe.
 11630 | Lair:4   | Found a viscous altar of Jiyva.
 11631 | Lair:4   | Found a staircase to the Slime Pits.
 11835 | Lair:5   | Entered Level 5 of the Lair of Beasts
 11845 | Lair:5   | 11845 ||| INVOKING Heroism.
 11867 | Lair:5   | 11867 ||| Stepping ~*~*~tactically~*~*~ (stealth).
 11875 | Lair:5   | Received a gift from Okawaru
 11947 | Lair:5   | 11947 ||| Stepping ~*~*~tactically~*~*~ (stealth).
 11957 | Lair:5   | 11957 ||| INVOKING Heroism.
 11964 | Lair:5   | Received a gift from Okawaru
 11979 | Lair:5   | Reached skill level 11 in Fighting
 12064 | Lair:5   | 12064 ||| INVOKING Heroism.
 12083 | Lair:5   | 12083 ||| Stepping ~*~*~tactically~*~*~ (stealth).
 12093 | Lair:5   | 12093 ||| SWAPPING to +2 flail of protection.
 12094 | Lair:5   | 12094 ||| INVOKING Finesse.
 12105 | Lair:5   | 12105 ||| Stepping ~*~*~tactically~*~*~ (outnumbered).
 12106 | Lair:5   | 12106 ||| Stepping ~*~*~tactically~*~*~ (outnumbered).
 12107 | Lair:5   | 12107 ||| SWAPPING to +2 vorpal war axe.
 12109 | Lair:5   | 12109 ||| SWAPPING to +2 flail of protection.
 12112 | Lair:5   | 12112 ||| SWAPPING to +2 vorpal war axe.
 12114 | Lair:5   | 12114 ||| SWAPPING to +2 flail of protection.
 12117 | Lair:5   | 12117 ||| SWAPPING to +2 vorpal war axe.
 12119 | Lair:5   | 12119 ||| SWAPPING to +2 flail of protection.
 12121 | Lair:5   | 12121 ||| SWAPPING to +2 vorpal war axe.
 12124 | Lair:5   | 12124 ||| SWAPPING to +2 flail of protection.
 12132 | Lair:5   | Identified the +8 chain mail of the Big Bang {*Slow rC+
                  | Str+5 Int+8} (Okawaru gifted it to you on level 5 of the
                  | Lair of Beasts)
 12132 | Lair:5   | Received a gift from Okawaru
 12133 | Lair:5   | 12133 ||| SWAPPING to +2 vorpal war axe.
 12163 | Lair:5   | 12163 ||| INVOKING Heroism.
 12201 | Lair:5   | Reached ****** piety under Okawaru
 12239 | Lair:5   | 12239 ||| INVOKING Heroism.
 12240 | Lair:5   | 12240 ||| INVOKING Finesse.
 12280 | Lair:5   | Reached skill level 15 in Axes
 12328 | Lair:5   | 12328 ||| Stepping ~*~*~tactically~*~*~ (stealth).
 12330 | Lair:5   | 12330 ||| INVOKING Heroism.
 12331 | Lair:5   | 12331 ||| INVOKING Finesse.
 12356 | Lair:5   | 12356 ||| Stepping ~*~*~tactically~*~*~ (stealth).
 12381 | Lair:5   | 12381 ||| Stepping ~*~*~tactically~*~*~ (stealth).
 12384 | Lair:5   | 12384 ||| Stepping ~*~*~tactically~*~*~ (stealth).
 12398 | Lair:5   | 12398 ||| Stepping ~*~*~tactically~*~*~ (stealth).
 12399 | Lair:5   | 12399 ||| Stepping ~*~*~tactically~*~*~ (stealth).
 12400 | Lair:5   | 12400 ||| Stepping ~*~*~tactically~*~*~ (stealth).
 12401 | Lair:5   | 12401 ||| INVOKING Heroism.
 12414 | Lair:5   | Gained mutation: Your large and strong wings let you fly.
                  | [Gargoyle growth]
 12414 | Lair:5   | Reached XP level 14. HP: 90/90 MP: 19/21
 12420 | Lair:5   | 12420 ||| Stepping ~*~*~tactically~*~*~ (stealth).
 12451 | Lair:5   | 12451 ||| Stepping ~*~*~tactically~*~*~ (stealth).
 12455 | Lair:5   | 12455 ||| FLEEEEING.
 12487 | Lair:5   | 12487 ||| Stepping ~*~*~tactically~*~*~ (stealth).
 12876 | Lair:5   | 12876 ||| INVOKING Heroism.
 12956 | Lair:5   | 12956 ||| Stepping ~*~*~tactically~*~*~ (stealth).
 12958 | Lair:5   | 12958 ||| INVOKING Heroism.
 12960 | Lair:5   | 12960 ||| Stepping ~*~*~tactically~*~*~ (stealth).
 13038 | Lair:5   | 13038 ||| INVOKING Heroism.
 13053 | Lair:5   | 13053 ||| Stepping ~*~*~tactically~*~*~ (stealth).
 13070 | Lair:5   | 13070 ||| Stepping ~*~*~tactically~*~*~ (stealth).
 13072 | Lair:5   | 13072 ||| Stepping ~*~*~tactically~*~*~ (hiding).
 13119 | Lair:5   | 13119 ||| Stepping ~*~*~tactically~*~*~ (stealth).
 13120 | Lair:5   | 13120 ||| Stepping ~*~*~tactically~*~*~ (stealth).
 13126 | Lair:5   | Reached skill level 12 in Fighting
 13142 | Lair:5   | 13142 ||| Stepping ~*~*~tactically~*~*~ (stealth).
 13154 | Lair:5   | Identified the +1 buckler "Loankous" {Will+} (Okawaru
                  | gifted it to you on level 5 of the Lair of Beasts)
 13154 | Lair:5   | Received a gift from Okawaru
 13164 | Lair:5   | 13164 ||| Stepping ~*~*~tactically~*~*~ (stealth).
 13165 | Lair:5   | 13165 ||| Stepping ~*~*~tactically~*~*~ (stealth).
 13167 | Lair:5   | 13167 ||| Stepping ~*~*~tactically~*~*~ (hiding).
 13169 | Lair:5   | 13169 ||| Stepping ~*~*~tactically~*~*~ (hiding).
 13171 | Lair:5   | 13171 ||| Stepping ~*~*~tactically~*~*~ (stealth).
 13175 | Lair:5   | 13175 ||| INVOKING Heroism.
 13201 | Lair:5   | Reached skill level 3 in Dodging
 13287 | Lair:5   | 13287 ||| INVOKING Heroism.
 13323 | Lair:5   | 13323 ||| Stepping ~*~*~tactically~*~*~ (hiding).
 13359 | Lair:5   | Identified the +1 quarterstaff of Meihi {drain, rF+ rC+
                  | Stlth+}
 13360 | Lair:5   | 13360 ||| Stepping ~*~*~tactically~*~*~ (stealth).
 13364 | Lair:5   | 13364 ||| Stepping ~*~*~tactically~*~*~ (stealth).
 13443 | Lair:5   | Found a corrupted altar of Lugonu.
 13443 | Lair:5   | Found a one-way gate to the infinite horrors of the Abyss.
 13537 | Lair:5   | 13537 ||| PLANNING D:1-11
 13537 | Lair:5   | 13537 ||| UPGRADING to +8 chain mail of the Big Bang {*Slow
                  | rC+ Str+5 Int+8}.
 13547 | Lair:5   | 13547 ||| DROPPING +0 plate armour.
 13548 | Lair:5   | 13548 ||| UPGRADING to +1 buckler "Loankous" {Will+}.
 13558 | Lair:5   | 13558 ||| DROPPING +0 buckler.
 13559 | Lair:5   | 13559 ||| READING scroll labelled ONWACU ALID.
 13876 | D:9      | 13876 ||| Stepping ~*~*~tactically~*~*~ (stealth).
 13878 | D:9      | 13878 ||| Stepping ~*~*~tactically~*~*~ (hiding).
 14529 | D:9      | 14529 ||| UPGRADING to +0 cloak.
 14556 | D:10     | Entered Level 10 of the Dungeon
 14580 | D:10     | Found a sacrificial altar of Ru.
 14652 | D:10     | 14652 ||| Stepping ~*~*~tactically~*~*~ (stealth).
 14657 | D:10     | Found a flagged portal.
 14708 | D:10     | 14708 ||| Stepping ~*~*~tactically~*~*~ (stealth).
 14709 | D:10     | 14709 ||| Stepping ~*~*~tactically~*~*~ (stealth).
 14764 | D:10     | 14764 ||| INVOKING Heroism.
 14834 | D:10     | 14834 ||| Stepping ~*~*~tactically~*~*~ (hiding).
 14837 | D:10     | 14837 ||| INVOKING Heroism.
 14912 | D:10     | Noticed Erolcha
 14913 | D:10     | 14913 ||| Stepping ~*~*~tactically~*~*~ (hiding).
 14917 | D:10     | 14917 ||| INVOKING Heroism.
 14918 | D:10     | 14918 ||| INVOKING Finesse.
 14925 | D:10     | Killed Erolcha
 15121 | D:10     | 15121 ||| Stepping ~*~*~tactically~*~*~ (stealth).
 15318 | D:11     | 15318 ||| FLEEEEING.
 15332 | D:11     | 15332 ||| Stepping ~*~*~tactically~*~*~ (stealth).
 15333 | D:11     | 15333 ||| Stepping ~*~*~tactically~*~*~ (stealth).
 15334 | D:11     | 15334 ||| Stepping ~*~*~tactically~*~*~ (stealth).
 15335 | D:11     | 15335 ||| Stepping ~*~*~tactically~*~*~ (stealth).
 15381 | D:11     | 15381 ||| Stepping ~*~*~tactically~*~*~ (hiding).
 15538 | D:11     | 15538 ||| READING 7 scrolls of teleportation.
 15542 | D:11     | 15542 ||| FLEEEEING.
 15644 | D:11     | 15644 ||| Stepping ~*~*~tactically~*~*~ (stealth).
 15645 | D:11     | 15645 ||| Stepping ~*~*~tactically~*~*~ (stealth).
 15722 | D:11     | 15722 ||| Stepping ~*~*~tactically~*~*~ (stealth).
 15724 | D:11     | 15724 ||| INVOKING Heroism.
 16105 | D:10     | 16105 ||| Stepping ~*~*~tactically~*~*~ (stealth).
 16128 | D:11     | 16128 ||| STAIRDANCE
 16133 | D:10     | Received a gift from Okawaru
 16152 | D:10     | 16152 ||| SWAPPING to +1 vorpal broad axe.
 16153 | D:10     | 16153 ||| DROPPING +2 vorpal war axe.
 16179 | D:11     | 16179 ||| PLANNING D
 16279 | D:12     | 16279 ||| INVOKING Heroism.
 16287 | D:12     | 16287 ||| Stepping ~*~*~tactically~*~*~ (hiding).
 16288 | D:12     | 16288 ||| Stepping ~*~*~tactically~*~*~ (hiding).
 16346 | D:12     | Found a staircase to the Orcish Mines.
 16348 | D:12     | 16348 ||| DROPPING +2 flail of protection.
 16363 | D:12     | 16363 ||| Stepping ~*~*~tactically~*~*~ (stealth).
 16364 | D:12     | 16364 ||| Stepping ~*~*~tactically~*~*~ (stealth).
 16365 | D:12     | 16365 ||| Stepping ~*~*~tactically~*~*~ (stealth).
 16391 | D:12     | 16391 ||| Stepping ~*~*~tactically~*~*~ (hiding).
 16392 | D:12     | 16392 ||| Stepping ~*~*~tactically~*~*~ (hiding).
 16483 | D:12     | 16483 ||| Stepping ~*~*~tactically~*~*~ (hiding).
 16485 | D:12     | 16485 ||| Stepping ~*~*~tactically~*~*~ (hiding).
 16490 | D:12     | 16490 ||| Stepping ~*~*~tactically~*~*~ (hiding).
 16497 | D:12     | Reached XP level 15. HP: 97/97 MP: 22/22
 16507 | D:12     | 16507 ||| Stepping ~*~*~tactically~*~*~ (stealth).
 16513 | D:12     | 16513 ||| Stepping ~*~*~tactically~*~*~ (hiding).
 16740 | D:12     | 16740 ||| FLEEEEING.
 16820 | D:12     | 16820 ||| READING scroll of enchant armour.
 16820 | D:12     | 16820 ||| ENCHANTING +0 hat of see invisible.
 16824 | D:12     | 16824 ||| Stepping ~*~*~tactically~*~*~ (hiding).
 16825 | D:12     | 16825 ||| Stepping ~*~*~tactically~*~*~ (hiding).
 17112 | D:13     | 17112 ||| STAIRDANCE
 17119 | D:13     | 17119 ||| STAIRDANCE
 17121 | D:12     | 17121 ||| INVOKING Heroism.
 17150 | D:13     | 17150 ||| Stepping randomly (cloudy).
 17151 | D:13     | 17151 ||| Stepping randomly (cloudy).
 17152 | D:13     | 17152 ||| Stepping ~*~*~tactically~*~*~ (cloud).
 17293 | D:13     | 17293 ||| INVOKING Heroism.
 17355 | D:13     | Identified the +2 war axe "Vuczed" {vorpal, rPois rN+
                  | Dex+4} (Okawaru gifted it to you on level 13 of the
                  | Dungeon)
 17355 | D:13     | Received a gift from Okawaru
 17357 | D:13     | 17357 ||| DROPPING +2 war axe "Vuczed" {vorpal, rPois rN+
                  | Dex+4}.
 17452 | D:13     | 17452 ||| Stepping ~*~*~tactically~*~*~ (stealth).
 17454 | D:13     | 17454 ||| Stepping ~*~*~tactically~*~*~ (hiding).
 17455 | D:13     | Noticed Rupert
 17457 | D:13     | 17457 ||| INVOKING Heroism.
 17458 | D:13     | 17458 ||| INVOKING Finesse.
 17478 | D:13     | Killed Rupert
 17479 | D:13     | Reached skill level 13 in Fighting
 17565 | D:13     | Found Jaompeod's Jewellery Emporium.
 17572 | D:13     | 17572 ||| BUYING ring "Pepleimmi" {rC- Will+ Str+5} (497
                  | gold).
 17572 | D:13     | Bought the ring "Pepleimmi" {rC- Will+ Str+5} for 497 gold
                  | pieces
 17572 | D:13     | 17572 ||| BUYING ring of ice (350 gold).
 17572 | D:13     | Bought a ring of ice for 350 gold pieces
 17788 | D:13     | 17788 ||| DRINKING 2 smoky amethyst potions.
 17849 | D:14     | 17849 ||| Stepping ~*~*~tactically~*~*~ (stealth).
 17851 | D:14     | 17851 ||| Stepping ~*~*~tactically~*~*~ (stealth).
 18091 | D:14     | 18091 ||| INVOKING Heroism.
 18157 | D:14     | Found a gate to the Vaults.
 18298 | D:14     | 18298 ||| INVOKING Heroism.
 18300 | D:14     | 18300 ||| INVOKING Finesse.
 18418 | D:14     | 18418 ||| READING scroll of enchant armour.
 18418 | D:14     | 18418 ||| ENCHANTING +1 hat of see invisible.
 18538 | D:14     | 18538 ||| DROPPING +0 helmet.
 18539 | D:14     | 18539 ||| UPGRADING to +0 kite shield.
 18549 | D:14     | 18549 ||| DROPPING +1 buckler "Loankous" {Will+}.
 18579 | D:15     | Entered Level 15 of the Dungeon
 18588 | D:15     | 18588 ||| Stepping ~*~*~tactically~*~*~ (stealth).
 18592 | D:15     | 18592 ||| Stepping ~*~*~tactically~*~*~ (stealth).
 18596 | D:15     | 18596 ||| Stepping ~*~*~tactically~*~*~ (hiding).
 18597 | D:15     | 18597 ||| Stepping ~*~*~tactically~*~*~ (hiding).
 18598 | D:15     | 18598 ||| INVOKING Heroism.
 18599 | D:15     | 18599 ||| Stepping ~*~*~tactically~*~*~ (hiding).
 18600 | D:15     | 18600 ||| Stepping ~*~*~tactically~*~*~ (hiding).
 18615 | D:15     | Received a gift from Okawaru
 18619 | D:15     | Reached skill level 9 in Shields
 18620 | D:15     | 18620 ||| Stepping ~*~*~tactically~*~*~ (stealth).
 18621 | D:15     | 18621 ||| Stepping ~*~*~tactically~*~*~ (stealth).
 18622 | D:15     | 18622 ||| Stepping ~*~*~tactically~*~*~ (stealth).
 18627 | D:15     | 18627 ||| Stepping ~*~*~tactically~*~*~ (stealth).
 18633 | D:15     | 18633 ||| INVOKING Heroism.
 18635 | D:15     | HP: 18/98 [two-headed ogre/+0 giant club (9)]
 18636 | D:15     | 18636 ||| READING 7 scrolls of teleportation.
 18636 | D:15     | HP: 5/98 [two-headed ogre/+0 giant club (6)]
 18637 | D:15     | 18637 ||| DRINKING 3 potions of heal wounds.
 18639 | D:15     | Identified the +9 lajatang of Kemoe {holy, Dex+5} (Okawaru
                  | gifted it to you on level 15 of the Dungeon)
 18639 | D:15     | Received a gift from Okawaru
 18742 | D:15     | 18742 ||| READING scroll of brand weapon.
 18742 | D:15     | 18742 ||| BRANDING +1 vorpal broad axe.
 18768 | D:15     | 18768 ||| Stepping ~*~*~tactically~*~*~ (stealth).
 18772 | D:15     | 18772 ||| INVOKING Heroism.
 18783 | D:15     | 18783 ||| Stepping ~*~*~tactically~*~*~ (stealth).
 18803 | D:15     | 18803 ||| Stepping ~*~*~tactically~*~*~ (hiding).
 18809 | D:15     | 18809 ||| INVOKING Heroism.
 18859 | D:15     | 18859 ||| Stepping ~*~*~tactically~*~*~ (stealth).
 18862 | D:15     | 18862 ||| Stepping ~*~*~tactically~*~*~ (stealth).
 18868 | D:15     | 18868 ||| INVOKING Heroism.
 18923 | D:15     | 18923 ||| INVOKING Heroism.
 18925 | D:15     | 18925 ||| Stepping ~*~*~tactically~*~*~ (hiding).
 18926 | D:15     | 18926 ||| Stepping ~*~*~tactically~*~*~ (hiding).
 18953 | D:15     | 18953 ||| Stepping ~*~*~tactically~*~*~ (stealth).
 18955 | D:15     | 18955 ||| Stepping ~*~*~tactically~*~*~ (stealth).
 18957 | D:15     | 18957 ||| Stepping ~*~*~tactically~*~*~ (hiding).
 18967 | D:15     | 18967 ||| Stepping ~*~*~tactically~*~*~ (hiding).
 18973 | D:15     | 18973 ||| Stepping ~*~*~tactically~*~*~ (stealth).
 18974 | D:15     | 18974 ||| Stepping ~*~*~tactically~*~*~ (stealth).
 18976 | D:15     | 18976 ||| Stepping ~*~*~tactically~*~*~ (stealth).
 18981 | D:15     | 18981 ||| Stepping ~*~*~tactically~*~*~ (hiding).
 18999 | D:15     | 18999 ||| INVOKING Heroism.
 19098 | D:15     | Found an ancient bone altar of Kikubaaqudgha.
 19165 | D:15     | 19165 ||| INVOKING Heroism.
 19215 | D:15     | 19215 ||| Stepping ~*~*~tactically~*~*~ (stealth).
 19238 | D:15     | Identified the +2 broad axe of Demilut {venom, rPois}
                  | (Okawaru gifted it to you on level 15 of the Dungeon)
 19238 | D:15     | Received a gift from Okawaru
 19257 | D:15     | 19257 ||| DROPPING +2 broad axe of Demilut {venom, rPois}.
 19266 | D:15     | 19266 ||| Stepping ~*~*~tactically~*~*~ (hiding).
 19276 | D:15     | Reached XP level 16. HP: 102/104 MP: 23/23
 19286 | D:15     | 19286 ||| INVOKING Heroism.
 19288 | D:15     | 19288 ||| READING 6 scrolls of teleportation.
 19557 | D:15     | 19557 ||| Stepping ~*~*~tactically~*~*~ (stealth).
 19560 | D:15     | 19560 ||| Stepping ~*~*~tactically~*~*~ (stealth).
 19562 | D:15     | 19562 ||| INVOKING Heroism.
 19566 | D:15     | Reached skill level 12 in Shields
 19616 | D:15     | Found a staircase to the Depths.
 19621 | D:15     | 19621 ||| PLANNING ORC
 19621 | D:15     | 19621 ||| UPGRADING to amulet of reflection.
 19631 | D:15     | 19631 ||| DROPPING amulet of regeneration.
 19632 | D:15     | 19632 ||| READING scroll labelled SICUANUWIOB.
 19810 | Orc:1    | Entered Level 1 of the Orcish Mines
 19811 | Orc:1    | 19811 ||| INVOKING Heroism.
 19873 | Orc:1    | 19873 ||| INVOKING Heroism.
 19916 | Orc:2    | Entered Level 2 of the Orcish Mines
 19917 | Orc:2    | 19917 ||| INVOKING Heroism.
 19918 | Orc:2    | 19918 ||| STAIRDANCE
 19925 | Orc:2    | 19925 ||| STAIRDANCE
 19941 | Orc:2    | 19941 ||| STAIRDANCE
 19949 | Orc:2    | 19949 ||| STAIRDANCE
 19954 | Orc:2    | 19954 ||| STAIRDANCE
 20040 | Orc:2    | 20040 ||| INVOKING Heroism.
 20041 | Orc:2    | 20041 ||| DRINKING 7 potions of curing.
 20041 | Orc:2    | 20041 ||| (to cure confusion)
 20232 | Orc:2    | 20232 ||| Stepping ~*~*~tactically~*~*~ (stealth).
 20235 | Orc:2    | 20235 ||| Stepping ~*~*~tactically~*~*~ (stealth).
 20240 | Orc:2    | 20240 ||| Stepping ~*~*~tactically~*~*~ (stealth).
 20313 | Orc:2    | 20313 ||| Stepping ~*~*~tactically~*~*~ (hiding).
 20319 | Orc:2    | 20319 ||| INVOKING Heroism.
 20339 | Orc:2    | Found Kech's General Store.
 20345 | Orc:2    | 20345 ||| BUYING potion of magic (104 gold).
 20345 | Orc:2    | Bought a potion of magic for 104 gold pieces
 20345 | Orc:2    | 20345 ||| BUYING scroll of blinking (97 gold).
 20345 | Orc:2    | Bought a scroll of blinking for 97 gold pieces
 20359 | Orc:2    | 20359 ||| INVOKING Heroism.
 20379 | Orc:2    | Found Ysatat's Jewellery Boutique.
 20520 | Orc:2    | Found Munaipn's Antique Weapon Boutique.
 20526 | Orc:2    | 20526 ||| BUYING ring of fire (350 gold).
 20526 | Orc:2    | Bought a ring of fire for 350 gold pieces
 20526 | Orc:2    | 20526 ||| BUYING ring of protection from cold (350 gold).
 20526 | Orc:2    | Bought a ring of protection from cold for 350 gold pieces
 20546 | Orc:2    | 20546 ||| INVOKING Heroism.
 20547 | Orc:2    | 20547 ||| INVOKING Finesse.
 20594 | Orc:2    | Found Unyrph's Magic Scroll Shop.
 20595 | Orc:2    | 20595 ||| INVOKING Heroism.
 20620 | Orc:2    | 20620 ||| SHOPLISTING scroll of blinking (97 gold, have
                  | 21).
 20620 | Orc:2    | 20620 ||| SHOPLISTING scroll of enchant armour (97 gold,
                  | have 21).
 20620 | Orc:2    | 20620 ||| SHOPLISTING scroll of fog (52 gold, have 21).
 20620 | Orc:2    | 20620 ||| SHOPLISTING scroll of teleportation (39 gold,
                  | have 21).
 20651 | Orc:2    | 20651 ||| Stepping ~*~*~tactically~*~*~ (stealth).
 20653 | Orc:2    | 20653 ||| Stepping ~*~*~tactically~*~*~ (hiding).
 20661 | Orc:2    | 20661 ||| INVOKING Heroism.
 20671 | Orc:2    | 20671 ||| Stepping ~*~*~tactically~*~*~ (stealth).
 20676 | Orc:2    | Reached skill level 18 in Axes
 20779 | Orc:2    | Found a staircase to the Elven Halls.
 20784 | Orc:2    | 20784 ||| INVOKING Heroism.
 20892 | Orc:2    | 20892 ||| INVOKING Heroism.
 20943 | Orc:2    | 20943 ||| Stepping ~*~*~tactically~*~*~ (hiding).
 20945 | Orc:2    | 20945 ||| Stepping ~*~*~tactically~*~*~ (hiding).
 20948 | Orc:2    | 20948 ||| INVOKING Heroism.
 21144 | Orc:1    | 21144 ||| INVOKING Heroism.
 21180 | Orc:1    | 21180 ||| INVOKING Heroism.
 21186 | Orc:1    | Received a gift from Okawaru
 21327 | Orc:1    | 21327 ||| DROPPING +2 vorpal broad axe.
 21398 | Orc:1    | Found a runed translucent door.
 21399 | Orc:1    | Noticed Jisity's ghost (adept HuFi)
 21405 | Orc:1    | 21405 ||| Stepping ~*~*~tactically~*~*~ (hiding).
 21569 | Orc:1    | Found Pidgh's Armour Boutique.
 21647 | Orc:1    | 21647 ||| PLANNING SPIDER:1-3
 21903 | Spider:1 | Entered Level 1 of the Spider Nest
 22175 | Spider:1 | 22175 ||| Stepping ~*~*~tactically~*~*~ (stealth).
 22181 | Spider:1 | 22181 ||| Stepping ~*~*~tactically~*~*~ (stealth).
 22182 | Spider:1 | 22182 ||| Stepping ~*~*~tactically~*~*~ (stealth).
 22186 | Spider:1 | 22186 ||| Stepping ~*~*~tactically~*~*~ (stealth).
 22233 | Spider:1 | 22233 ||| Stepping ~*~*~tactically~*~*~ (stealth).
 22283 | Spider:1 | Noticed Mlioglotl
 22284 | Spider:1 | 22284 ||| Stepping ~*~*~tactically~*~*~ (stealth).
 22286 | Spider:1 | 22286 ||| INVOKING Heroism.
 22289 | Spider:1 | 22289 ||| INVOKING Finesse.
 22322 | Spider:1 | Killed Mlioglotl
 22509 | Spider:1 | 22509 ||| READING scroll of enchant weapon.
 22509 | Spider:1 | 22509 ||| ENCHANTING +1 broad axe of electrocution.
 22538 | Spider:1 | 22538 ||| Stepping ~*~*~tactically~*~*~ (stealth).
 22563 | Spider:1 | 22563 ||| Stepping ~*~*~tactically~*~*~ (stealth).
 22572 | Spider:1 | 22572 ||| Stepping ~*~*~tactically~*~*~ (stealth).
 22584 | Spider:1 | Reached skill level 14 in Fighting
 22601 | Spider:1 | 22601 ||| INVOKING Heroism.
 22605 | Spider:1 | 22605 ||| Stepping ~*~*~tactically~*~*~ (hiding).
 22606 | Spider:1 | 22606 ||| INVOKING Finesse.
 22782 | Spider:1 | 22782 ||| Stepping ~*~*~tactically~*~*~ (stealth).
 22817 | Spider:1 | 22817 ||| Stepping ~*~*~tactically~*~*~ (stealth).
 22861 | Spider:1 | 22861 ||| Stepping randomly (cloudy).
 22863 | Spider:1 | 22863 ||| INVOKING Heroism.
 22877 | Spider:1 | 22877 ||| Stepping randomly (cloudy).
 22943 | Spider:1 | 22943 ||| Stepping ~*~*~tactically~*~*~ (stealth).
 23125 | Spider:2 | 23125 ||| Stepping ~*~*~tactically~*~*~ (stealth).
 23127 | Spider:2 | 23127 ||| Stepping ~*~*~tactically~*~*~ (stealth).
 23138 | Spider:2 | 23138 ||| Stepping ~*~*~tactically~*~*~ (stealth).
 23142 | Spider:2 | 23142 ||| Stepping ~*~*~tactically~*~*~ (hiding).
 23143 | Spider:2 | 23143 ||| Stepping ~*~*~tactically~*~*~ (hiding).
 23144 | Spider:2 | 23144 ||| Stepping ~*~*~tactically~*~*~ (hiding).
 23157 | Spider:2 | Received a gift from Okawaru
 23228 | Spider:2 | 23228 ||| Stepping ~*~*~tactically~*~*~ (stealth).
 23256 | Spider:2 | 23256 ||| Stepping ~*~*~tactically~*~*~ (stealth).
 23257 | Spider:2 | 23257 ||| Stepping ~*~*~tactically~*~*~ (stealth).
 23282 | Spider:2 | 23282 ||| Stepping ~*~*~tactically~*~*~ (stealth).
 23284 | Spider:2 | 23284 ||| INVOKING Heroism.
 23346 | Spider:2 | 23346 ||| Stepping ~*~*~tactically~*~*~ (stealth).
 23348 | Spider:2 | 23348 ||| Stepping ~*~*~tactically~*~*~ (stealth).
 23365 | Spider:2 | Identified the +1 robe "Hesm" {Rampage rCorr} (Okawaru
                  | gifted it to you on level 2 of the Spider Nest)
 23365 | Spider:2 | Received a gift from Okawaru
 23411 | Spider:2 | 23411 ||| INVOKING Heroism.
 23572 | Spider:2 | 23572 ||| Stepping ~*~*~tactically~*~*~ (stealth).
 23574 | Spider:2 | 23574 ||| Stepping ~*~*~tactically~*~*~ (stealth).
 23576 | Spider:2 | 23576 ||| INVOKING Heroism.
 23644 | Spider:2 | 23644 ||| INVOKING Heroism.
 23766 | Spider:2 | 23766 ||| Stepping ~*~*~tactically~*~*~ (stealth).
 23768 | Spider:2 | 23768 ||| Stepping ~*~*~tactically~*~*~ (hiding).
 23784 | Spider:2 | 23784 ||| INVOKING Heroism.
 23988 | Spider:2 | 23988 ||| INVOKING Heroism.
 24005 | Spider:2 | Reached XP level 17. HP: 82/112 MP: 24/24
 24306 | Spider:2 | 24306 ||| Stepping ~*~*~tactically~*~*~ (stealth).
 24353 | Spider:2 | 24353 ||| Stepping ~*~*~tactically~*~*~ (stealth).
 24390 | Spider:2 | 24390 ||| INVOKING Heroism.
 24455 | Spider:2 | 24455 ||| Stepping ~*~*~tactically~*~*~ (stealth).
 24456 | Spider:2 | 24456 ||| Stepping ~*~*~tactically~*~*~ (stealth).
 24474 | Spider:2 | 24474 ||| Stepping ~*~*~tactically~*~*~ (stealth).
 24476 | Spider:2 | 24476 ||| INVOKING Finesse.
 24477 | Spider:2 | 24477 ||| INVOKING Finesse.
 24478 | Spider:2 | 24478 ||| Stepping ~*~*~tactically~*~*~ (stealth).
 24528 | Spider:2 | Found a transporter.
 24530 | Spider:2 | Found a transporter.
 24538 | Spider:2 | 24538 ||| READING scroll of enchant weapon.
 24538 | Spider:2 | 24538 ||| ENCHANTING +2 broad axe of electrocution.
 24556 | Spider:2 | 24556 ||| DROPPING amulet of magic regeneration.
 24557 | Spider:2 | 24557 ||| DROPPING +6 ring of dexterity.
 24558 | Spider:2 | 24558 ||| DROPPING ring of see invisible.
 24559 | Spider:2 | 24559 ||| UPGRADING to +4 ring of protection.
 24561 | Spider:2 | 24561 ||| UPGRADING to +6 ring of strength.
 24641 | Spider:3 | 24641 ||| STAIRDANCE
 24645 | Spider:3 | 24645 ||| STAIRDANCE
 24652 | Spider:3 | 24652 ||| STAIRDANCE
 24691 | Spider:3 | 24691 ||| STAIRDANCE
 24693 | Spider:2 | 24693 ||| INVOKING Heroism.
 24700 | Spider:2 | Reached skill level 15 in Fighting
 24708 | Spider:3 | 24708 ||| STAIRDANCE
 24712 | Spider:3 | 24712 ||| STAIRDANCE
 24834 | Spider:3 | 24834 ||| INVOKING Heroism.
 25002 | Spider:3 | 25002 ||| Stepping ~*~*~tactically~*~*~ (stealth).
 25006 | Spider:3 | 25006 ||| Stepping ~*~*~tactically~*~*~ (stealth).
 25015 | Spider:3 | 25015 ||| INVOKING Heroism.
 25018 | Spider:3 | Reached skill level 15 in Shields
 25637 | Spider:3 | 25637 ||| Stepping ~*~*~tactically~*~*~ (stealth).
 26222 | Spider:3 | 26222 ||| PLANNING SHOALS:1-3
 26222 | Spider:3 | 26222 ||| DROPPING +1 plate armour of cold resistance.
 26409 | Shoals:1 | Entered Level 1 of the Shoals
 26412 | Shoals:1 | 26412 ||| Stepping ~*~*~tactically~*~*~ (hiding).
 26568 | Shoals:1 | 26568 ||| INVOKING Heroism.
 26569 | Shoals:1 | 26569 ||| INVOKING Finesse.
 26641 | Shoals:1 | 26641 ||| INVOKING Heroism.
 26642 | Shoals:1 | 26642 ||| INVOKING Finesse.
 26688 | Shoals:1 | 26688 ||| Stepping ~*~*~tactically~*~*~ (hiding).
 26790 | Shoals:1 | 26790 ||| INVOKING Heroism.
 26952 | Shoals:1 | 26952 ||| INVOKING Heroism.
 26953 | Shoals:1 | 26953 ||| INVOKING Finesse.
 26971 | Shoals:1 | Received a gift from Okawaru
 27007 | Shoals:1 | Noticed Josephine
 27008 | Shoals:1 | 27008 ||| Stepping ~*~*~tactically~*~*~ (hiding).
 27014 | Shoals:1 | 27014 ||| INVOKING Heroism.
 27018 | Shoals:1 | 27018 ||| INVOKING Finesse.
 27019 | Shoals:1 | Killed Josephine
 27020 | Shoals:1 | 27020 ||| Stepping ~*~*~tactically~*~*~ (hiding).
 27021 | Shoals:1 | 27021 ||| Stepping ~*~*~tactically~*~*~ (hiding).
 27065 | Shoals:1 | Found a runed translucent door.
 27081 | Shoals:1 | Reached skill level 16 in Fighting
 27094 | Shoals:1 | 27094 ||| Stepping ~*~*~tactically~*~*~ (hiding).
 27448 | Shoals:2 | 27448 ||| INVOKING Heroism.
 27465 | Shoals:2 | Received a gift from Okawaru
 27550 | Shoals:2 | Reached skill level 6 in Throwing
 27557 | Shoals:2 | 27557 ||| Stepping ~*~*~tactically~*~*~ (stealth).
 27558 | Shoals:2 | 27558 ||| Stepping ~*~*~tactically~*~*~ (stealth).
 27559 | Shoals:2 | 27559 ||| Stepping ~*~*~tactically~*~*~ (stealth).
 27560 | Shoals:2 | 27560 ||| Stepping ~*~*~tactically~*~*~ (stealth).
 27572 | Shoals:2 | 27572 ||| Stepping ~*~*~tactically~*~*~ (hiding).
 27651 | Shoals:2 | 27651 ||| Stepping ~*~*~tactically~*~*~ (hiding).
 27790 | Shoals:2 | 27790 ||| INVOKING Heroism.
 28101 | Shoals:2 | 28101 ||| INVOKING Heroism.
 28380 | Shoals:2 | 28380 ||| INVOKING Heroism.
 28980 | Shoals:2 | 28980 ||| Stepping ~*~*~tactically~*~*~ (stealth).
 29202 | Shoals:3 | 29202 ||| Stepping ~*~*~tactically~*~*~ (hiding).
 29205 | Shoals:3 | 29205 ||| INVOKING Heroism.
 29209 | Shoals:3 | Noticed Polyphemus
 29210 | Shoals:3 | 29210 ||| INVOKING Finesse.
 29212 | Shoals:3 | Identified the +0 tower shield "Ulaaca" {rElec rF- rC-
                  | rCorr} (Okawaru gifted it to you on level 3 of the Shoals)
 29212 | Shoals:3 | Received a gift from Okawaru
 29240 | Shoals:3 | Killed Polyphemus
 29241 | Shoals:3 | Reached XP level 18. HP: 89/120 MP: 19/25
 29243 | Shoals:3 | 29243 ||| STAIRDANCE
 29346 | Shoals:2 | 29346 ||| DROPPING +0 morningstar.
 29349 | Shoals:3 | 29349 ||| INVOKING Heroism.
 29357 | Shoals:3 | Reached skill level 9 in Throwing
 29455 | Shoals:3 | 29455 ||| READING scroll of enchant weapon.
 29455 | Shoals:3 | 29455 ||| ENCHANTING +3 broad axe of electrocution.
 29489 | Shoals:3 | 29489 ||| INVOKING Heroism.
 29556 | Shoals:3 | 29556 ||| INVOKING Heroism.
 29566 | Shoals:3 | Reached skill level 12 in Armour
 29743 | Shoals:3 | 29743 ||| INVOKING Heroism.
 29744 | Shoals:3 | 29744 ||| INVOKING Finesse.
 29824 | Shoals:3 | Noticed Ilsuiw
 29825 | Shoals:3 | 29825 ||| INVOKING Heroism.
 29826 | Shoals:3 | 29826 ||| INVOKING Finesse.
 29858 | Shoals:3 | Killed Ilsuiw
 30013 | Shoals:3 | 30013 ||| Stepping ~*~*~tactically~*~*~ (hiding).
 30015 | Shoals:3 | 30015 ||| INVOKING Heroism.
 30051 | Shoals:3 | 30051 ||| INVOKING Heroism.
 30096 | Shoals:3 | 30096 ||| Stepping ~*~*~tactically~*~*~ (stealth).
 30099 | Shoals:3 | 30099 ||| Stepping ~*~*~tactically~*~*~ (stealth).
 30100 | Shoals:3 | 30100 ||| FLEEEEING.
 30101 | Shoals:3 | 30101 ||| FLEEEEING.
 30102 | Shoals:3 | 30102 ||| FLEEEEING.
 30103 | Shoals:3 | 30103 ||| FLEEEEING.
 30104 | Shoals:3 | 30104 ||| FLEEEEING.
 30105 | Shoals:3 | 30105 ||| Stepping ~*~*~tactically~*~*~ (hiding).
 30106 | Shoals:3 | 30106 ||| Stepping ~*~*~tactically~*~*~ (hiding).
 30107 | Shoals:3 | 30107 ||| Stepping ~*~*~tactically~*~*~ (hiding).
 30108 | Shoals:3 | 30108 ||| INVOKING Heroism.
 30109 | Shoals:3 | 30109 ||| INVOKING Finesse.
 30270 | Shoals:3 | 30270 ||| READING scroll of enchant weapon.
 30270 | Shoals:3 | 30270 ||| ENCHANTING +4 broad axe of electrocution.
 30593 | Shoals:3 | 30593 ||| PLANNING SPIDER:4
 30593 | Shoals:3 | 30593 ||| UPGRADING to +0 tower shield "Ulaaca" {rElec rF-
                  | rC- rCorr}.
 30603 | Shoals:3 | 30603 ||| READING 14 scrolls of identify.
 30603 | Shoals:3 | 30603 ||| IDENTIFYING brown potion
 30853 | Spider:4 | Entered Level 4 of the Spider Nest
 30854 | Spider:4 | 30854 ||| INVOKING Heroism.
 31176 | Spider:4 | 31176 ||| Stepping ~*~*~tactically~*~*~ (hiding).
 31299 | Spider:4 | Noticed Roxanne
 31300 | Spider:4 | 31300 ||| INVOKING Heroism.
 31301 | Spider:4 | Noticed Louise
 31309 | Spider:4 | Killed Roxanne
 31329 | Spider:4 | Killed Louise
 31364 | Spider:4 | 31364 ||| Stepping ~*~*~tactically~*~*~ (stealth).
 31439 | Spider:4 | 31439 ||| READING scroll of enchant armour.
 31439 | Spider:4 | 31439 ||| ENCHANTING +0 cloak.
 31629 | Spider:4 | 31629 ||| INVOKING Finesse.
 31631 | Spider:4 | 31631 ||| INVOKING Heroism.
 31636 | Spider:4 | Noticed Kirke
 31638 | Spider:4 | Noticed Agnes
 31650 | Spider:4 | Killed Kirke
 31659 | Spider:4 | Killed Agnes
 31663 | Spider:4 | Received a gift from Okawaru
 31677 | Spider:4 | Received a gift from Okawaru
 31716 | Spider:4 | 31716 ||| Stepping ~*~*~tactically~*~*~ (stealth).
 31717 | Spider:4 | 31717 ||| FLEEEEING.
 31850 | Spider:4 | Got a gossamer rune of Zot
 31882 | Spider:4 | 31882 ||| INVOKING Heroism.
 32113 | Spider:4 | Received a gift from Okawaru
 32289 | Spider:4 | 32289 ||| PLANNING VAULTS:1-4
 32289 | Spider:4 | 32289 ||| UPGRADING to +0 tower shield.
 32299 | Spider:4 | 32299 ||| DROPPING +0 kite shield.
 32300 | Spider:4 | 32300 ||| DROPPING scarf of invisibility.
 32301 | Spider:4 | 32301 ||| DROPPING +1 hat of intelligence.
 32302 | Spider:4 | 32302 ||| DROPPING +0 hat of intelligence.
 32709 | Vaults:1 | Entered Level 1 of the Vaults
 32710 | Vaults:1 | 32710 ||| PLANNING WIZLAB
 32730 | Vaults:1 | 32730 ||| INVOKING Heroism.
 32751 | Vaults:1 | 32751 ||| Stepping ~*~*~tactically~*~*~ (hiding).
 32752 | Vaults:1 | 32752 ||| Stepping ~*~*~tactically~*~*~ (hiding).
 32761 | Vaults:1 | 32761 ||| INVOKING Heroism.
 33010 | Vaults:1 | 33010 ||| INVOKING Heroism.
 33169 | Vaults:1 | 33169 ||| INVOKING Heroism.
 33289 | Vaults:1 | Found a transporter.
 33289 | Vaults:1 | Found a transporter.
 33339 | Vaults:1 | 33339 ||| Stepping ~*~*~tactically~*~*~ (stealth).
 33345 | Vaults:1 | 33345 ||| Stepping ~*~*~tactically~*~*~ (stealth).
 33347 | Vaults:1 | 33347 ||| Stepping ~*~*~tactically~*~*~ (hiding).
 33359 | Vaults:1 | Reached XP level 19. HP: 125/127 MP: 26/26
 33360 | Vaults:1 | 33360 ||| INVOKING Heroism.
 33400 | Vaults:1 | Reached skill level 18 in Shields
 33524 | Vaults:1 | 33524 ||| RIP WIZLAB
 33529 | Vaults:1 | 33529 ||| PLANNING VAULTS:1-4
 33532 | Vaults:1 | 33532 ||| INVOKING Heroism.
 33746 | Vaults:1 | 33746 ||| Stepping ~*~*~tactically~*~*~ (hiding).
 33747 | Vaults:1 | 33747 ||| Stepping ~*~*~tactically~*~*~ (hiding).
 34366 | Vaults:1 | 34366 ||| Stepping ~*~*~tactically~*~*~ (hiding).
 34429 | Vaults:1 | 34429 ||| INVOKING Heroism.
 34432 | Vaults:1 | 34432 ||| Stepping ~*~*~tactically~*~*~ (hiding).
 34624 | Vaults:2 | Found a staircase to the Crypt.
 34625 | Vaults:2 | 34625 ||| Stepping ~*~*~tactically~*~*~ (hiding).
 34627 | Vaults:2 | 34627 ||| Stepping ~*~*~tactically~*~*~ (hiding).
 34629 | Vaults:2 | 34629 ||| INVOKING Heroism.
 34637 | Vaults:2 | Received a gift from Okawaru
 34905 | Vaults:2 | 34905 ||| INVOKING Heroism.
 34937 | Vaults:2 | 34937 ||| Stepping ~*~*~tactically~*~*~ (stealth).
 35220 | Vaults:2 | 35220 ||| Stepping ~*~*~tactically~*~*~ (hiding).
 35230 | Vaults:2 | 35230 ||| INVOKING Heroism.
 35392 | Vaults:2 | 35392 ||| INVOKING Finesse.
 35465 | Vaults:2 | Identified the +1 war axe "Xac Losch" {vamp, Dex+6}
                  | (Okawaru gifted it to you on level 2 of the Vaults)
 35465 | Vaults:2 | Received a gift from Okawaru
 35467 | Vaults:2 | 35467 ||| SWAPPING to +1 war axe "Xac Losch" {vamp, Dex+6}.
 35538 | Vaults:2 | 35538 ||| INVOKING Heroism.
 35796 | Vaults:2 | 35796 ||| Stepping ~*~*~tactically~*~*~ (stealth).
 35798 | Vaults:2 | 35798 ||| Stepping ~*~*~tactically~*~*~ (hiding).
 35804 | Vaults:2 | 35804 ||| Stepping ~*~*~tactically~*~*~ (hiding).
 36079 | Vaults:3 | Paralysed by a great orb of eyes for 3 turns
 36082 | Vaults:3 | 36082 ||| Stepping ~*~*~tactically~*~*~ (hiding).
 36093 | Vaults:3 | 36093 ||| INVOKING Finesse.
 36093 | Vaults:3 | Paralysed by a great orb of eyes for 2 turns
 36096 | Vaults:3 | 36096 ||| INVOKING Heroism.
 36101 | Vaults:3 | Reached skill level 6 in Dodging
 36272 | Vaults:3 | 36272 ||| INVOKING Heroism.
 36280 | Vaults:3 | 36280 ||| Stepping ~*~*~tactically~*~*~ (stealth).
 36283 | Vaults:3 | 36283 ||| Stepping ~*~*~tactically~*~*~ (stealth).
 36713 | Vaults:3 | 36713 ||| INVOKING Heroism.
 36884 | Vaults:3 | 36884 ||| Stepping ~*~*~tactically~*~*~ (hiding).
 36893 | Vaults:3 | 36893 ||| Stepping ~*~*~tactically~*~*~ (hiding).
 36918 | Vaults:3 | 36918 ||| Stepping ~*~*~tactically~*~*~ (stealth).
 36919 | Vaults:3 | 36919 ||| INVOKING Heroism.
 36920 | Vaults:3 | 36920 ||| INVOKING Finesse.
 36944 | Vaults:3 | Reached skill level 17 in Fighting
 37288 | Vaults:3 | 37288 ||| INVOKING Heroism.
 37347 | Vaults:3 | 37347 ||| FLEEEEING.
 37354 | Vaults:3 | 37354 ||| FLEEEEING.
 37355 | Vaults:3 | 37355 ||| FLEEEEING.
 37356 | Vaults:3 | 37356 ||| FLEEEEING.
 37357 | Vaults:3 | 37357 ||| FLEEEEING.
 37358 | Vaults:3 | 37358 ||| FLEEEEING.
 37359 | Vaults:3 | 37359 ||| FLEEEEING.
 37360 | Vaults:3 | 37360 ||| FLEEEEING.
 37361 | Vaults:3 | 37361 ||| FLEEEEING.
 37362 | Vaults:3 | 37362 ||| FLEEEEING.
 37363 | Vaults:3 | 37363 ||| FLEEEEING.
 37364 | Vaults:3 | 37364 ||| FLEEEEING.
 37365 | Vaults:3 | 37365 ||| FLEEEEING.
 37366 | Vaults:3 | 37366 ||| FLEEEEING.
 37367 | Vaults:3 | 37367 ||| FLEEEEING.
 37368 | Vaults:3 | 37368 ||| FLEEEEING.
 37369 | Vaults:3 | 37369 ||| FLEEEEING.
 37370 | Vaults:3 | 37370 ||| FLEEEEING.
 37376 | Vaults:3 | 37376 ||| FLEEEEING.
 37377 | Vaults:3 | 37377 ||| FLEEEEING.
 37378 | Vaults:3 | 37378 ||| FLEEEEING.
 37379 | Vaults:3 | 37379 ||| FLEEEEING.
 37380 | Vaults:3 | 37380 ||| FLEEEEING.
 37381 | Vaults:3 | 37381 ||| FLEEEEING.
 37382 | Vaults:3 | 37382 ||| FLEEEEING.
 37383 | Vaults:3 | 37383 ||| FLEEEEING.
 37384 | Vaults:3 | 37384 ||| FLEEEEING.
 37388 | Vaults:3 | 37388 ||| STAIRDANCE
 37490 | Vaults:2 | 37490 ||| DROPPING ring of magical power.
 37617 | Vaults:3 | 37617 ||| Stepping ~*~*~tactically~*~*~ (stealth).
 37706 | Vaults:3 | 37706 ||| INVOKING Heroism.
 37707 | Vaults:3 | 37707 ||| INVOKING Finesse.
 37850 | Vaults:3 | 37850 ||| Stepping ~*~*~tactically~*~*~ (stealth).
 37852 | Vaults:3 | 37852 ||| INVOKING Heroism.
 37853 | Vaults:3 | 37853 ||| INVOKING Finesse.
 38153 | Vaults:3 | 38153 ||| Stepping ~*~*~tactically~*~*~ (stealth).
 38155 | Vaults:3 | 38155 ||| INVOKING Heroism.
 38166 | Vaults:3 | Received a gift from Okawaru
 38216 | Vaults:3 | 38216 ||| INVOKING Heroism.
 38218 | Vaults:3 | 38218 ||| INVOKING Finesse.
 38245 | Vaults:3 | Reached XP level 20. HP: 134/134 MP: 21/27
 38814 | Vaults:4 | 38814 ||| DRINKING 9 potions of curing.
 38814 | Vaults:4 | 38814 ||| (to cure confusion)
 38814 | Vaults:4 | Paralysed by a great orb of eyes for 5 turns
 38828 | Vaults:4 | Received a gift from Okawaru
 38973 | Vaults:4 | Found Ziton's Armour Boutique.
 38979 | Vaults:4 | 38979 ||| BUYING +0 pair of boots (54 gold).
 38979 | Vaults:4 | Bought a +0 pair of boots for 54 gold pieces
 38979 | Vaults:4 | 38979 ||| BUYING +4 cloak "Anom" {rC+ Int+2 SInv} (562
                  | gold).
 38979 | Vaults:4 | Bought the +4 cloak "Anom" {rC+ Int+2 SInv} for 562 gold
                  | pieces
 39158 | Vaults:4 | 39158 ||| Stepping ~*~*~tactically~*~*~ (hiding).
 39159 | Vaults:4 | 39159 ||| INVOKING Heroism.
 39160 | Vaults:4 | 39160 ||| INVOKING Finesse.
 39473 | Vaults:4 | 39473 ||| Stepping ~*~*~tactically~*~*~ (stealth).
 39477 | Vaults:4 | 39477 ||| FLEEEEING.
 39478 | Vaults:4 | 39478 ||| FLEEEEING.
 39479 | Vaults:4 | 39479 ||| FLEEEEING.
 39480 | Vaults:4 | 39480 ||| FLEEEEING.
 39481 | Vaults:4 | 39481 ||| FLEEEEING.
 39482 | Vaults:4 | 39482 ||| FLEEEEING.
 39483 | Vaults:4 | 39483 ||| FLEEEEING.
 39484 | Vaults:4 | 39484 ||| FLEEEEING.
 39485 | Vaults:4 | 39485 ||| FLEEEEING.
 39486 | Vaults:4 | 39486 ||| FLEEEEING.
 39487 | Vaults:4 | 39487 ||| FLEEEEING.
 39488 | Vaults:4 | 39488 ||| FLEEEEING.
 39489 | Vaults:4 | 39489 ||| FLEEEEING.
 39490 | Vaults:4 | 39490 ||| FLEEEEING.
 39491 | Vaults:4 | 39491 ||| FLEEEEING.
 39492 | Vaults:4 | 39492 ||| FLEEEEING.
 39494 | Vaults:4 | 39494 ||| FLEEEEING.
 39495 | Vaults:4 | 39495 ||| FLEEEEING.
 39496 | Vaults:4 | 39496 ||| INVOKING Heroism.
 39543 | Vaults:4 | 39543 ||| INVOKING Heroism.
 39546 | Vaults:4 | Received a gift from Okawaru
 39704 | Vaults:4 | 39704 ||| INVOKING Heroism.
 39705 | Vaults:4 | 39705 ||| INVOKING Finesse.
 39841 | Vaults:4 | 39841 ||| INVOKING Heroism.
 39849 | Vaults:4 | Received a gift from Okawaru
 39868 | Vaults:4 | Reached skill level 18 in Fighting
 40090 | Vaults:4 | 40090 ||| Stepping ~*~*~tactically~*~*~ (stealth).
 40091 | Vaults:4 | 40091 ||| Stepping ~*~*~tactically~*~*~ (stealth).
 40134 | Vaults:4 | 40134 ||| PLANNING SHOALS:4
 40134 | Vaults:4 | 40134 ||| UPGRADING to +0 pair of boots.
 40139 | Vaults:4 | 40139 ||| UPGRADING to +4 cloak "Anom" {rC+ Int+2 SInv}.
 40149 | Vaults:4 | 40149 ||| DROPPING +1 cloak.
 40150 | Vaults:4 | 40150 ||| DROPPING +6 ring of intelligence.
 40554 | Shoals:4 | Entered Level 4 of the Shoals
 40562 | Shoals:4 | 40562 ||| Stepping ~*~*~tactically~*~*~ (hiding).
 40588 | Shoals:4 | 40588 ||| INVOKING Heroism.
 40649 | Shoals:4 | Received a gift from Okawaru
 40704 | Shoals:4 | 40704 ||| Stepping ~*~*~tactically~*~*~ (stealth).
 40776 | Shoals:4 | 40776 ||| Stepping ~*~*~tactically~*~*~ (hiding).
 40779 | Shoals:4 | 40779 ||| INVOKING Heroism.
 40780 | Shoals:4 | 40780 ||| INVOKING Finesse.
 40788 | Shoals:4 | 40788 ||| Stepping ~*~*~tactically~*~*~ (hiding).
 40840 | Shoals:4 | 40840 ||| Stepping ~*~*~tactically~*~*~ (hiding).
 40842 | Shoals:4 | 40842 ||| Stepping ~*~*~tactically~*~*~ (hiding).
 40843 | Shoals:4 | 40843 ||| INVOKING Finesse.
 40932 | Shoals:4 | 40932 ||| Stepping ~*~*~tactically~*~*~ (hiding).
 40936 | Shoals:4 | 40936 ||| INVOKING Heroism.
 40984 | Shoals:4 | 40984 ||| INVOKING Finesse.
 40994 | Shoals:4 | Received a gift from Okawaru
 41069 | Shoals:4 | 41069 ||| Stepping ~*~*~tactically~*~*~ (hiding).
 41070 | Shoals:4 | 41070 ||| Stepping ~*~*~tactically~*~*~ (hiding).
 41089 | Shoals:4 | 41089 ||| INVOKING Heroism.
 41101 | Shoals:4 | Received a gift from Okawaru
 41168 | Shoals:4 | Got a barnacled rune of Zot
 41196 | Shoals:4 | 41196 ||| INVOKING Heroism.
 41197 | Shoals:4 | 41197 ||| INVOKING Finesse.
 41323 | Shoals:4 | 41323 ||| Stepping ~*~*~tactically~*~*~ (hiding).
 41342 | Shoals:4 | 41342 ||| INVOKING Heroism.
 41642 | Shoals:4 | 41642 ||| PLANNING DEPTHS
 41642 | Shoals:4 | 41642 ||| DROPPING scarf of invisibility.
 42015 | Depths:1 | Entered Level 1 of the Depths
 42016 | Depths:1 | 42016 ||| INVOKING Heroism.
 42017 | Depths:1 | 42017 ||| INVOKING Finesse.
 42066 | Depths:1 | 42066 ||| Stepping ~*~*~tactically~*~*~ (stealth).
 42068 | Depths:1 | 42068 ||| INVOKING Finesse.
 42069 | Depths:1 | 42069 ||| Stepping ~*~*~tactically~*~*~ (stealth).
 42070 | Depths:1 | 42070 ||| INVOKING Finesse.
 42136 | Depths:1 | 42136 ||| Stepping ~*~*~tactically~*~*~ (hiding).
 42149 | Depths:1 | 42149 ||| Stepping ~*~*~tactically~*~*~ (hiding).
 42153 | Depths:1 | 42153 ||| INVOKING Heroism.
 42154 | Depths:1 | 42154 ||| INVOKING Finesse.
 42201 | Depths:1 | Reached skill level 19 in Fighting
 42260 | Depths:1 | Reached XP level 21. HP: 144/144 MP: 28/28
 42339 | Depths:1 | 42339 ||| INVOKING Heroism.
 42340 | Depths:1 | 42340 ||| INVOKING Finesse.
 42407 | Depths:1 | 42407 ||| Stepping ~*~*~tactically~*~*~ (stealth).
 42414 | Depths:1 | 42414 ||| Stepping ~*~*~tactically~*~*~ (stealth).
 42472 | Depths:1 | 42472 ||| Stepping ~*~*~tactically~*~*~ (hiding).
 42512 | Depths:1 | 42512 ||| READING 9 scrolls of teleportation.
 42541 | Depths:1 | 42541 ||| DRINKING 8 potions of curing.
 42541 | Depths:1 | 42541 ||| (to cure confusion)
 42683 | Depths:1 | 42683 ||| Stepping ~*~*~tactically~*~*~ (hiding).
 42685 | Depths:1 | 42685 ||| Stepping ~*~*~tactically~*~*~ (hiding).
 42723 | Depths:1 | 42723 ||| Stepping ~*~*~tactically~*~*~ (stealth).
 42834 | Depths:1 | 42834 ||| Stepping ~*~*~tactically~*~*~ (hiding).
 42853 | Depths:1 | Reached skill level 9 in Dodging
 42882 | Depths:1 | 42882 ||| Stepping ~*~*~tactically~*~*~ (stealth).
 42891 | Depths:1 | 42891 ||| Stepping ~*~*~tactically~*~*~ (hiding).
 42902 | Depths:1 | 42902 ||| INVOKING Heroism.
 42927 | Depths:1 | 42927 ||| Stepping ~*~*~tactically~*~*~ (stealth).
 43038 | Depths:1 | 43038 ||| Stepping ~*~*~tactically~*~*~ (hiding).
 43073 | Depths:1 | Found Big Baal Hell's Store.
 43079 | Depths:1 | Found a gateway to Hell.
 43097 | Depths:1 | 43097 ||| SHOPLISTING +3 chain mail of fire resistance
                  | (1749 gold, have 1415).
 43097 | Depths:1 | 43097 ||| SHOPLISTING 10 scrolls of enchant weapon (4950
                  | gold, have 1415).
 43097 | Depths:1 | 43097 ||| SHOPLISTING ring "Hott" {rF+ Stlth+} (2296 gold,
                  | have 1415).
 43112 | Depths:1 | 43112 ||| Stepping ~*~*~tactically~*~*~ (hiding).
 43114 | Depths:1 | 43114 ||| Stepping ~*~*~tactically~*~*~ (hiding).
 43131 | Depths:1 | 43131 ||| Stepping ~*~*~tactically~*~*~ (cloud).
 43156 | Depths:1 | 43156 ||| Stepping ~*~*~tactically~*~*~ (stealth).
 43159 | Depths:1 | 43159 ||| Stepping ~*~*~tactically~*~*~ (stealth).
 43162 | Depths:1 | 43162 ||| INVOKING Heroism.
 43168 | Depths:1 | 43168 ||| INVOKING Finesse.
 43281 | Depths:1 | Reached skill level 15 in Armour
 43349 | Depths:1 | 43349 ||| Stepping ~*~*~tactically~*~*~ (hiding).
 43351 | Depths:1 | 43351 ||| INVOKING Heroism.
 43394 | Depths:1 | Received a gift from Okawaru
 43411 | Depths:1 | 43411 ||| INVOKING Heroism.
 43800 | Depths:1 | 43800 ||| DROPPING +2 pair of gloves.
 43823 | Depths:2 | 43823 ||| Stepping ~*~*~tactically~*~*~ (hiding).
 43827 | Depths:2 | 43827 ||| INVOKING Heroism.
 43927 | Depths:2 | 43927 ||| INVOKING Heroism.
 44107 | Depths:2 | Received a gift from Okawaru
 44205 | Depths:2 | Found a one-way gate leading to the halls of Pandemonium.
 44206 | Depths:2 | 44206 ||| INVOKING Heroism.
 44225 | Depths:2 | 44225 ||| Stepping ~*~*~tactically~*~*~ (cloud).
 44306 | Depths:2 | 44306 ||| INVOKING Heroism.
 44348 | Depths:2 | 44348 ||| INVOKING Finesse.
 44409 | Depths:2 | 44409 ||| INVOKING Heroism.
 44428 | Depths:2 | 44428 ||| INVOKING Finesse.
 44429 | Depths:2 | Noticed a golden dragon
 44471 | Depths:2 | 44471 ||| INVOKING Heroism.
 44482 | Depths:2 | Received a gift from Okawaru
 44497 | Depths:2 | 44497 ||| INVOKING Finesse.
 44519 | Depths:2 | 44519 ||| DRINKING 8 potions of curing.
 44519 | Depths:2 | 44519 ||| (to cure confusion)
 44531 | Depths:2 | 44531 ||| DRINKING 7 potions of curing.
 44531 | Depths:2 | 44531 ||| (to cure confusion)
 44536 | Depths:2 | 44536 ||| INVOKING Heroism.
 44576 | Depths:2 | 44576 ||| DRINKING 6 potions of curing.
 44576 | Depths:2 | 44576 ||| (to cure confusion)
 44580 | Depths:2 | 44580 ||| DRINKING 5 potions of curing.
 44580 | Depths:2 | 44580 ||| (to cure confusion)
 44581 | Depths:2 | 44581 ||| INVOKING Heroism.
 44589 | Depths:2 | 44589 ||| DRINKING 4 potions of curing.
 44589 | Depths:2 | 44589 ||| (to cure confusion)
 44772 | Depths:2 | 44772 ||| INVOKING Heroism.
 44773 | Depths:2 | 44773 ||| INVOKING Finesse.
 44862 | Depths:2 | 44862 ||| INVOKING Heroism.
 44889 | Depths:2 | 44889 ||| Stepping randomly (cloudy).
 44908 | Depths:2 | 44908 ||| Stepping ~*~*~tactically~*~*~ (cloud).
 44992 | Depths:2 | 44992 ||| FLEEEEING.
 44993 | Depths:2 | 44993 ||| FLEEEEING.
 45045 | Depths:2 | Noticed a golden dragon
 45046 | Depths:2 | 45046 ||| INVOKING Heroism.
 45047 | Depths:2 | Noticed the Enchantress
 45049 | Depths:2 | 45049 ||| DRINKING 3 potions of curing.
 45049 | Depths:2 | 45049 ||| (to cure confusion)
 45050 | Depths:2 | Identified the +0 hand axe of the Spider {vorpal, Int+4}
 45052 | Depths:2 | Noticed a juggernaut
 45054 | Depths:2 | 45054 ||| DRINKING 2 potions of curing.
 45054 | Depths:2 | 45054 ||| (to cure confusion)
 45061 | Depths:2 | Killed a golden dragon
 45062 | Depths:2 | Reached skill level 20 in Fighting
 45064 | Depths:2 | 45064 ||| DRINKING potion of curing.
 45064 | Depths:2 | 45064 ||| (to cure confusion)
 45083 | Depths:2 | Killed a juggernaut
 45103 | Depths:2 | 45103 ||| INVOKING Heroism.
 45110 | Depths:2 | Killed the Enchantress
 45243 | Depths:2 | Noticed a caustic shrike
 45245 | Depths:2 | 45245 ||| INVOKING Heroism.
 45263 | Depths:2 | Killed a caustic shrike
 45263 | Depths:2 | Received a gift from Okawaru
 45264 | Depths:2 | Reached XP level 22. HP: 152/152 MP: 29/29
 45350 | Depths:2 | 45350 ||| INVOKING Heroism.
 45362 | Depths:2 | 45362 ||| Stepping ~*~*~tactically~*~*~ (stealth).
 45379 | Depths:2 | Received a gift from Okawaru
 45396 | Depths:2 | 45396 ||| Stepping ~*~*~tactically~*~*~ (hiding).
 45611 | Depths:2 | 45611 ||| UPGRADING to amulet of the Four Winds {rN+
                  | Will+++ Clar}.
 45642 | Depths:3 | 45642 ||| INVOKING Heroism.
 45673 | Depths:3 | 45673 ||| Stepping ~*~*~tactically~*~*~ (stealth).
 45674 | Depths:3 | 45674 ||| Stepping ~*~*~tactically~*~*~ (stealth).
 45675 | Depths:3 | 45675 ||| Stepping ~*~*~tactically~*~*~ (stealth).
 45695 | Depths:3 | 45695 ||| Stepping ~*~*~tactically~*~*~ (hiding).
 45703 | Depths:3 | 45703 ||| INVOKING Heroism.
 45707 | Depths:3 | Received a gift from Okawaru
 45731 | Depths:3 | Reached skill level 21 in Shields
 45783 | Depths:3 | 45783 ||| Stepping ~*~*~tactically~*~*~ (hiding).
 45784 | Depths:3 | 45784 ||| Stepping ~*~*~tactically~*~*~ (hiding).
 45785 | Depths:3 | 45785 ||| Stepping ~*~*~tactically~*~*~ (hiding).
 45916 | Depths:3 | 45916 ||| Stepping ~*~*~tactically~*~*~ (hiding).
 45919 | Depths:3 | 45919 ||| INVOKING Heroism.
 45926 | Depths:3 | Received a gift from Okawaru
 45938 | Depths:3 | Identified the +2 battleaxe of Outrage {protect, *Noise rC-
                  | rN++ SInv}
 45989 | Depths:3 | 45989 ||| Stepping ~*~*~tactically~*~*~ (stealth).
 45991 | Depths:3 | 45991 ||| Stepping ~*~*~tactically~*~*~ (hiding).
 45996 | Depths:3 | 45996 ||| INVOKING Heroism.
 46002 | Depths:3 | 46002 ||| Stepping ~*~*~tactically~*~*~ (hiding).
 46014 | Depths:3 | 46014 ||| Stepping ~*~*~tactically~*~*~ (hiding).
 46032 | Depths:3 | 46032 ||| Stepping ~*~*~tactically~*~*~ (stealth).
 46085 | Depths:3 | 46085 ||| Stepping ~*~*~tactically~*~*~ (stealth).
 46086 | Depths:3 | 46086 ||| Stepping ~*~*~tactically~*~*~ (stealth).
 46164 | Depths:3 | Noticed a golden dragon
 46165 | Depths:3 | 46165 ||| INVOKING Heroism.
 46166 | Depths:3 | 46166 ||| INVOKING Finesse.
 46188 | Depths:3 | Killed a golden dragon
 46233 | Depths:3 | 46233 ||| INVOKING Heroism.
 46269 | Depths:3 | 46269 ||| INVOKING Heroism.
 46355 | Depths:3 | 46355 ||| Stepping ~*~*~tactically~*~*~ (stealth).
 46364 | Depths:3 | 46364 ||| Stepping ~*~*~tactically~*~*~ (stealth).
 46365 | Depths:3 | Received a gift from Okawaru
 46422 | Depths:3 | 46422 ||| Stepping ~*~*~tactically~*~*~ (hiding).
 46438 | Depths:3 | 46438 ||| Stepping ~*~*~tactically~*~*~ (stealth).
 46509 | Depths:3 | 46509 ||| INVOKING Heroism.
 46510 | Depths:3 | 46510 ||| INVOKING Finesse.
 46525 | Depths:3 | Reached skill level 21 in Fighting
 46528 | Depths:3 | 46528 ||| Stepping ~*~*~tactically~*~*~ (hiding).
 46592 | Depths:3 | 46592 ||| Stepping ~*~*~tactically~*~*~ (hiding).
 46594 | Depths:3 | 46594 ||| INVOKING Heroism.
 46614 | Depths:3 | 46614 ||| Stepping ~*~*~tactically~*~*~ (hiding).
 46618 | Depths:3 | 46618 ||| Stepping ~*~*~tactically~*~*~ (hiding).
 46630 | Depths:3 | 46630 ||| Stepping ~*~*~tactically~*~*~ (hiding).
 46785 | Depths:3 | 46785 ||| Stepping ~*~*~tactically~*~*~ (stealth).
 46817 | Depths:3 | 46817 ||| Stepping ~*~*~tactically~*~*~ (stealth).
 46819 | Depths:3 | 46819 ||| Stepping ~*~*~tactically~*~*~ (hiding).
 46922 | Depths:3 | 46922 ||| Stepping ~*~*~tactically~*~*~ (hiding).
 47091 | Depths:3 | 47091 ||| INVOKING Heroism.
 47092 | Depths:3 | 47092 ||| INVOKING Finesse.
 47206 | Depths:3 | 47206 ||| Stepping ~*~*~tactically~*~*~ (stealth).
 47228 | Depths:3 | 47228 ||| Stepping ~*~*~tactically~*~*~ (hiding).
 47232 | Depths:3 | 47232 ||| INVOKING Heroism.
 47385 | Depths:3 | 47385 ||| Stepping ~*~*~tactically~*~*~ (hiding).
 47389 | Depths:3 | 47389 ||| INVOKING Heroism.
 47539 | Depths:3 | 47539 ||| DROPPING +0 fire dragon scales.
 47540 | Depths:3 | 47540 ||| DROPPING +3 plate armour of cold resistance.
 47541 | Depths:3 | 47541 ||| DROPPING ring of see invisible.
 47542 | Depths:3 | 47542 ||| UPGRADING to +4 ring of evasion.
 47544 | Depths:3 | 47544 ||| DROPPING +6 ring of strength.
 47560 | Depths:4 | Entered Level 4 of the Depths
 47576 | Depths:4 | 47576 ||| INVOKING Heroism.
 47691 | Depths:4 | Noticed a juggernaut
 47692 | Depths:4 | 47692 ||| INVOKING Heroism.
 47693 | Depths:4 | 47693 ||| INVOKING Finesse.
 47717 | Depths:4 | Killed a juggernaut
 47796 | Depths:4 | 47796 ||| INVOKING Heroism.
 47961 | Depths:4 | Noticed a caustic shrike
 47962 | Depths:4 | 47962 ||| INVOKING Heroism.
 47962 | Depths:4 | Noticed a caustic shrike
 47963 | Depths:4 | 47963 ||| Stepping ~*~*~tactically~*~*~ (stealth).
 47967 | Depths:4 | Noticed a caustic shrike
 47982 | Depths:4 | Killed a caustic shrike
 47994 | Depths:4 | Killed a caustic shrike
 47995 | Depths:4 | 47995 ||| INVOKING Finesse.
 48015 | Depths:4 | Killed a caustic shrike
 48094 | Depths:4 | 48094 ||| INVOKING Heroism.
 48095 | Depths:4 | 48095 ||| INVOKING Finesse.
 48216 | Depths:4 | 48216 ||| Stepping ~*~*~tactically~*~*~ (hiding).
 48217 | Depths:4 | 48217 ||| Stepping ~*~*~tactically~*~*~ (hiding).
 48221 | Depths:4 | 48221 ||| Stepping ~*~*~tactically~*~*~ (hiding).
 48230 | Depths:4 | 48230 ||| INVOKING Heroism.
 48237 | Depths:4 | Received a gift from Okawaru
 48298 | Depths:4 | Found a blossoming altar of Fedhas.
 48299 | Depths:4 | 48299 ||| Stepping ~*~*~tactically~*~*~ (hiding).
 48430 | Depths:4 | Found a one-way gateway to a ziggurat.
 48438 | Depths:4 | 48438 ||| INVOKING Heroism.
 48447 | Depths:4 | Received a gift from Okawaru
 48512 | Depths:4 | 48512 ||| INVOKING Heroism.
 48513 | Depths:4 | 48513 ||| INVOKING Finesse.
 48555 | Depths:4 | Reached skill level 12 in Throwing
 48564 | Depths:4 | Received a gift from Okawaru
 48859 | Depths:4 | 48859 ||| INVOKING Heroism.
 48878 | Depths:4 | Found a gate to the Realm of Zot.
 48878 | Depths:4 | Noticed a golden dragon
 48886 | Depths:4 | Reached XP level 23. HP: 160/160 MP: 30/30
 48923 | Depths:4 | 48923 ||| DROPPING 28 boomerangs.
 48924 | Depths:4 | 48924 ||| DROPPING 6 boomerangs of dispersal.
 48925 | Depths:4 | 48925 ||| READING 8 scrolls of teleportation.
 49039 | Depths:4 | 49039 ||| INVOKING Heroism.
 49040 | Depths:4 | 49040 ||| INVOKING Finesse.
 49091 | Depths:4 | 49091 ||| Stepping ~*~*~tactically~*~*~ (hiding).
 49097 | Depths:4 | 49097 ||| INVOKING Heroism.
 49098 | Depths:4 | 49098 ||| INVOKING Finesse.
 49111 | Depths:4 | Killed a golden dragon
 49156 | Depths:4 | 49156 ||| READING 7 scrolls of teleportation.
 49216 | Depths:4 | 49216 ||| Stepping ~*~*~tactically~*~*~ (hiding).
 49234 | Depths:4 | 49234 ||| READING 6 scrolls of teleportation.
 49321 | Depths:4 | 49321 ||| INVOKING Heroism.
 49477 | Depths:4 | 49477 ||| FLEEEEING.
 49478 | Depths:4 | 49478 ||| INVOKING Heroism.
 49574 | Depths:4 | 49574 ||| PLANNING VAULTS:5
 49905 | Vaults:5 | Entered Level 5 of the Vaults
 49906 | Vaults:5 | 49906 ||| INVOKING Heroism.
 49907 | Vaults:5 | 49907 ||| STAIRDANCE
 49926 | Vaults:5 | 49926 ||| STAIRDANCE
 49942 | Vaults:4 | Reached skill level 18 in Armour
 49943 | Vaults:4 | Received a gift from Okawaru
 49946 | Vaults:4 | 49946 ||| INVOKING Heroism.
 49969 | Vaults:5 | 49969 ||| STAIRDANCE
 49998 | Vaults:4 | Received a gift from Okawaru
 50018 | Vaults:5 | 50018 ||| STAIRDANCE
 50020 | Vaults:4 | 50020 ||| INVOKING Heroism.
 50033 | Vaults:4 | Received a gift from Okawaru
 50048 | Vaults:5 | 50048 ||| STAIRDANCE
 50050 | Vaults:4 | 50050 ||| INVOKING Heroism.
 50051 | Vaults:4 | 50051 ||| INVOKING Finesse.
 50112 | Vaults:5 | Received a gift from Okawaru
 50125 | Vaults:5 | 50125 ||| INVOKING Heroism.
 50165 | Vaults:5 | 50165 ||| INVOKING Heroism.
 50198 | Vaults:5 | Identified the +8 great sword of Ruofug {protect, Str+3}
 50201 | Vaults:5 | Noticed Jory
 50212 | Vaults:5 | 50212 ||| INVOKING Heroism.
 50225 | Vaults:5 | Killed Jory
 50231 | Vaults:5 | Received a gift from Okawaru
 50239 | Vaults:5 | Reached skill level 22 in Fighting
 50255 | Vaults:5 | 50255 ||| INVOKING Heroism.
 50256 | Vaults:5 | 50256 ||| Stepping ~*~*~tactically~*~*~ (stealth).
 50317 | Vaults:5 | 50317 ||| INVOKING Heroism.
 50367 | Vaults:5 | 50367 ||| INVOKING Heroism.
 50368 | Vaults:5 | 50368 ||| INVOKING Finesse.
 50459 | Vaults:5 | 50459 ||| INVOKING Heroism.
 50575 | Vaults:5 | 50575 ||| Stepping ~*~*~tactically~*~*~ (stealth).
 50577 | Vaults:5 | 50577 ||| Stepping ~*~*~tactically~*~*~ (hiding).
 50582 | Vaults:5 | 50582 ||| INVOKING Heroism.
 50597 | Vaults:5 | Received a gift from Okawaru
 50663 | Vaults:5 | Identified the +11 scimitar "Hydrabane" {speed, rN++ Int-4
                  | Dex+5}
 50664 | Vaults:5 | 50664 ||| INVOKING Heroism.
 50666 | Vaults:5 | 50666 ||| INVOKING Finesse.
 50667 | Vaults:5 | Found Veeff's Weapon Shoppe.
 50702 | Vaults:5 | Received a gift from Okawaru
 50733 | Vaults:5 | 50733 ||| INVOKING Finesse.
 50789 | Vaults:5 | 50789 ||| Stepping ~*~*~tactically~*~*~ (stealth).
 50790 | Vaults:5 | 50790 ||| Stepping ~*~*~tactically~*~*~ (stealth).
 50801 | Vaults:5 | 50801 ||| Stepping ~*~*~tactically~*~*~ (stealth).
 50803 | Vaults:5 | 50803 ||| INVOKING Heroism.
 50813 | Vaults:5 | Got a silver rune of Zot
 50817 | Vaults:5 | Identified the +8 tower shield "Coqek" {Fly rF+ Regen+
                  | Int-4}
 50817 | Vaults:5 | Noticed Mennas
 50818 | Vaults:5 | 50818 ||| Stepping ~*~*~tactically~*~*~ (stealth).
 50819 | Vaults:5 | 50819 ||| Stepping ~*~*~tactically~*~*~ (stealth).
 50823 | Vaults:5 | 50823 ||| Stepping ~*~*~tactically~*~*~ (stealth).
 50824 | Vaults:5 | 50824 ||| Stepping ~*~*~tactically~*~*~ (stealth).
 50869 | Vaults:5 | 50869 ||| INVOKING Heroism.
 50917 | Vaults:5 | 50917 ||| INVOKING Heroism.
 50920 | Vaults:5 | HP: 32/162 [Mennas/+3 sacred scourge of holy wrath (13)]
 50921 | Vaults:5 | 50921 ||| DRINKING 9 potions of heal wounds.
 50964 | Vaults:5 | HP: 40/162 [Mennas/+3 sacred scourge of holy wrath (3)]
 50965 | Vaults:5 | 50965 ||| DRINKING 8 potions of heal wounds.
 50968 | Vaults:5 | 50968 ||| INVOKING Heroism.
 50979 | Vaults:5 | HP: 39/162 [Mennas/+3 sacred scourge of holy wrath (21)]
 50980 | Vaults:5 | 50980 ||| READING 5 scrolls of teleportation.
 50981 | Vaults:5 | 50981 ||| DRINKING 7 potions of heal wounds.
 50989 | Vaults:5 | 50989 ||| FLEEEEING.
 50992 | Vaults:5 | 50992 ||| FLEEEEING.
 50994 | Vaults:5 | 50994 ||| FLEEEEING.
 50995 | Vaults:5 | 50995 ||| FLEEEEING.
 50996 | Vaults:5 | 50996 ||| INVOKING Heroism.
 51007 | Vaults:5 | 51007 ||| Stepping ~*~*~tactically~*~*~ (stealth).
 51082 | Vaults:5 | Identified the +2 ring mail of the Shoals {Str+5}
 51090 | Vaults:5 | Identified the +9 chain mail of the Iron Devil {-Tele rN+++
                  | Int+4}
 51111 | Vaults:5 | Identified the +0 pair of gloves "Attepte" {rElec rC- rCorr
                  | Str-3}
 51309 | Vaults:5 | Noticed a golden dragon
 51310 | Vaults:5 | 51310 ||| INVOKING Heroism.
 51315 | Vaults:5 | 51315 ||| STAIRDANCE
 51332 | Vaults:4 | Killed a golden dragon
 51335 | Vaults:4 | 51335 ||| DROPPING +1 fire dragon scales.
 51346 | Vaults:5 | Identified the +5 short sword "Konuajupt" {venom, rF++
                  | Str+4}
 51347 | Vaults:5 | 51347 ||| Stepping ~*~*~tactically~*~*~ (stealth).
 51463 | Vaults:5 | Identified the +1 robe of Existentialism {rElec rPois Str-5
                  | Int+2}
 51519 | Vaults:5 | Identified the +10 hand axe "Arbiter" {freeze, Stlth+}
 51557 | Vaults:5 | 51557 ||| Stepping ~*~*~tactically~*~*~ (stealth).
 51558 | Vaults:5 | 51558 ||| Stepping ~*~*~tactically~*~*~ (stealth).
 51559 | Vaults:5 | 51559 ||| Stepping ~*~*~tactically~*~*~ (stealth).
 51560 | Vaults:5 | 51560 ||| Stepping ~*~*~tactically~*~*~ (stealth).
 51562 | Vaults:5 | 51562 ||| INVOKING Heroism.
 51719 | Vaults:5 | 51719 ||| Stepping ~*~*~tactically~*~*~ (stealth).
 51723 | Vaults:5 | 51723 ||| Stepping ~*~*~tactically~*~*~ (stealth).
 51772 | Vaults:5 | 51772 ||| Stepping ~*~*~tactically~*~*~ (hiding).
 51775 | Vaults:5 | 51775 ||| INVOKING Heroism.
 51925 | Vaults:5 | 51925 ||| Stepping ~*~*~tactically~*~*~ (hiding).
 52117 | Vaults:5 | 52117 ||| PLANNING SHOPPING SPREE
 52377 | Orc:2    | 52377 ||| BUYING scroll of blinking (97 gold).
 52377 | Orc:2    | Bought a scroll of blinking for 97 gold pieces
 52377 | Orc:2    | 52377 ||| BUYING scroll of enchant armour (97 gold).
 52377 | Orc:2    | Bought a scroll of enchant armour for 97 gold pieces
 52377 | Orc:2    | 52377 ||| BUYING scroll of fog (52 gold).
 52377 | Orc:2    | Bought a scroll of fog for 52 gold pieces
 52377 | Orc:2    | 52377 ||| BUYING scroll of teleportation (39 gold).
 52377 | Orc:2    | Bought a scroll of teleportation for 39 gold pieces
 52377 | Orc:2    | 52377 ||| READING scroll of enchant armour.
 52377 | Orc:2    | 52377 ||| ENCHANTING +0 pair of boots.
 52556 | Depths:1 | Received a gift from Okawaru
 52567 | Depths:1 | 52567 ||| Stepping ~*~*~tactically~*~*~ (stealth).
 52568 | Depths:1 | 52568 ||| Stepping ~*~*~tactically~*~*~ (stealth).
 52577 | Depths:1 | 52577 ||| Stepping ~*~*~tactically~*~*~ (stealth).
 52702 | Depths:1 | 52702 ||| BUYING ring "Hott" {rF+ Stlth+} (2296 gold).
 52702 | Depths:1 | Bought the ring "Hott" {rF+ Stlth+} for 2296 gold pieces
 52702 | Depths:1 | 52702 ||| DROPPING ring of fire.
 52703 | Depths:1 | 52703 ||| CLEARING SHOPPING LIST
 52703 | Depths:1 | 52703 ||| PLANNING ZOT
 52703 | Depths:1 | 52703 ||| READING 7 scrolls of teleportation.
 52708 | Depths:1 | 52708 ||| UPGRADING to +0 gold dragon scales.
 52842 | Zot:1    | Entered Level 1 of the Realm of Zot
 52893 | Zot:1    | 52893 ||| Stepping ~*~*~tactically~*~*~ (hiding).
 52963 | Zot:1    | 52963 ||| INVOKING Heroism.
 53037 | Zot:1    | 53037 ||| Stepping ~*~*~tactically~*~*~ (hiding).
 53040 | Zot:1    | 53040 ||| INVOKING Heroism.
 53310 | Zot:1    | 53310 ||| Stepping ~*~*~tactically~*~*~ (stealth).
 53399 | Zot:1    | 53399 ||| INVOKING Heroism.
 53857 | Zot:1    | 53857 ||| INVOKING Heroism.
 53878 | Zot:1    | Reached XP level 24. HP: 151/169 MP: 30/30
 54178 | Zot:2    | 54178 ||| INVOKING Heroism.
 54240 | Zot:2    | 54240 ||| INVOKING Heroism.
 54313 | Zot:2    | 54313 ||| INVOKING Heroism.
 54495 | Zot:2    | 54495 ||| INVOKING Heroism.
 54522 | Zot:2    | Received a gift from Okawaru
 54716 | Zot:2    | 54716 ||| Stepping ~*~*~tactically~*~*~ (stealth).
 54717 | Zot:2    | 54717 ||| Stepping ~*~*~tactically~*~*~ (stealth).
 54719 | Zot:2    | 54719 ||| Stepping ~*~*~tactically~*~*~ (hiding).
 54721 | Zot:2    | 54721 ||| Stepping ~*~*~tactically~*~*~ (hiding).
 54825 | Zot:2    | 54825 ||| Stepping ~*~*~tactically~*~*~ (hiding).
 54826 | Zot:2    | 54826 ||| INVOKING Heroism.
 54906 | Zot:2    | 54906 ||| Stepping ~*~*~tactically~*~*~ (hiding).
 55145 | Zot:2    | 55145 ||| Stepping ~*~*~tactically~*~*~ (hiding).
 55158 | Zot:2    | 55158 ||| Stepping ~*~*~tactically~*~*~ (hiding).
 55167 | Zot:2    | 55167 ||| INVOKING Heroism.
 55191 | Zot:2    | 55191 ||| Stepping ~*~*~tactically~*~*~ (hiding).
 55196 | Zot:2    | 55196 ||| Stepping ~*~*~tactically~*~*~ (hiding).
 55215 | Zot:2    | 55215 ||| INVOKING Heroism.
 55352 | Zot:2    | 55352 ||| INVOKING Heroism.
 55601 | Zot:2    | 55601 ||| DROPPING +4 plate armour.
 55619 | Zot:2    | 55619 ||| Stepping ~*~*~tactically~*~*~ (hiding).
 55621 | Zot:2    | 55621 ||| Stepping ~*~*~tactically~*~*~ (hiding).
 55622 | Zot:2    | 55622 ||| Stepping ~*~*~tactically~*~*~ (hiding).
 55755 | Zot:3    | 55755 ||| INVOKING Heroism.
 55825 | Zot:3    | Received a gift from Okawaru
 55897 | Zot:3    | 55897 ||| Stepping ~*~*~tactically~*~*~ (stealth).
 55910 | Zot:3    | 55910 ||| INVOKING Heroism.
 55952 | Zot:3    | Received a gift from Okawaru
 55956 | Zot:3    | 55956 ||| INVOKING Heroism.
 55964 | Zot:3    | 55964 ||| Stepping ~*~*~tactically~*~*~ (hiding).
 56168 | Zot:3    | 56168 ||| Stepping ~*~*~tactically~*~*~ (stealth).
 56198 | Zot:3    | 56198 ||| INVOKING Heroism.
 56287 | Zot:3    | Received a gift from Okawaru
 56294 | Zot:3    | 56294 ||| Stepping ~*~*~tactically~*~*~ (stealth).
 56296 | Zot:3    | 56296 ||| FLEEEEING.
 56297 | Zot:3    | 56297 ||| FLEEEEING.
 56300 | Zot:3    | 56300 ||| FLEEEEING.
 56301 | Zot:3    | 56301 ||| FLEEEEING.
 56302 | Zot:3    | 56302 ||| FLEEEEING.
 56303 | Zot:3    | 56303 ||| FLEEEEING.
 56305 | Zot:3    | 56305 ||| FLEEEEING.
 56306 | Zot:3    | 56306 ||| FLEEEEING.
 56309 | Zot:3    | 56309 ||| FLEEEEING.
 56310 | Zot:3    | 56310 ||| FLEEEEING.
 56311 | Zot:3    | 56311 ||| FLEEEEING.
 56312 | Zot:3    | 56312 ||| FLEEEEING.
 56328 | Zot:3    | Reached skill level 21 in Armour
 56520 | Zot:3    | 56520 ||| Stepping ~*~*~tactically~*~*~ (hiding).
 56523 | Zot:3    | 56523 ||| INVOKING Heroism.
 56524 | Zot:3    | Noticed a curse toe
 56544 | Zot:3    | Killed a curse toe
 56544 | Zot:3    | Received a gift from Okawaru
 56577 | Zot:3    | 56577 ||| INVOKING Heroism.
 56633 | Zot:3    | 56633 ||| FLEEEEING.
 56634 | Zot:3    | 56634 ||| FLEEEEING.
 56635 | Zot:3    | 56635 ||| FLEEEEING.
 56636 | Zot:3    | 56636 ||| FLEEEEING.
 56637 | Zot:3    | 56637 ||| FLEEEEING.
 56638 | Zot:3    | 56638 ||| FLEEEEING.
 56639 | Zot:3    | 56639 ||| FLEEEEING.
 56640 | Zot:3    | 56640 ||| FLEEEEING.
 56641 | Zot:3    | 56641 ||| FLEEEEING.
 56642 | Zot:3    | 56642 ||| FLEEEEING.
 56650 | Zot:3    | 56650 ||| STAIRDANCE
 56724 | Zot:3    | 56724 ||| Stepping ~*~*~tactically~*~*~ (hiding).
 56729 | Zot:3    | 56729 ||| Stepping ~*~*~tactically~*~*~ (hiding).
 56949 | Zot:3    | Noticed a Killer Klown
 56950 | Zot:3    | 56950 ||| INVOKING Heroism.
 56951 | Zot:3    | 56951 ||| INVOKING Finesse.
 56978 | Zot:3    | Killed a Killer Klown
 57118 | Zot:3    | 57118 ||| INVOKING Heroism.
 57130 | Zot:3    | Noticed an orb of fire
 57131 | Zot:3    | 57131 ||| DRINKING 2 potions of resistance.
 57132 | Zot:3    | 57132 ||| INVOKING Finesse.
 57151 | Zot:3    | Noticed an orb of fire
 57160 | Zot:3    | Killed an orb of fire
 57181 | Zot:3    | Gained mutation: Your body sometimes deteriorates upon
                  | taking damage. [an orb of fire]
 57194 | Zot:3    | Gained mutation: You are clumsy. (Dex -2) [an orb of fire]
 57202 | Zot:3    | Gained mutation: You are very clumsy. (Dex -4) [an orb of
                  | fire]
 57203 | Zot:3    | Killed an orb of fire
 57237 | Zot:3    | 57237 ||| INVOKING Heroism.
 57582 | Zot:3    | You are sucked into a shaft and drop 1 floor!
 57583 | Zot:4    | 57583 ||| INVOKING Heroism.
 57615 | Zot:4    | HP: 38/170 [green draconian monk (25)]
 57616 | Zot:4    | 57616 ||| READING 7 scrolls of teleportation.
 57616 | Zot:4    | HP: 8/170 [green draconian monk (29)]
 57617 | Zot:4    | 57617 ||| DRINKING 8 potions of heal wounds.
 57618 | Zot:4    | 57618 ||| DRINKING 7 potions of heal wounds.
 57619 | Zot:4    | 57619 ||| DRINKING 6 potions of heal wounds.
 57620 | Zot:4    | 57620 ||| DRINKING 5 potions of heal wounds.
 57643 | Zot:4    | 57643 ||| INVOKING Heroism.
 57646 | Zot:4    | Reached skill level 23 in Fighting
 57771 | Zot:4    | 57771 ||| Stepping ~*~*~tactically~*~*~ (stealth).
 57787 | Zot:4    | 57787 ||| Stepping ~*~*~tactically~*~*~ (stealth).
 57788 | Zot:4    | 57788 ||| Stepping ~*~*~tactically~*~*~ (stealth).
 57789 | Zot:4    | 57789 ||| Stepping ~*~*~tactically~*~*~ (stealth).
 57834 | Zot:4    | 57834 ||| Stepping ~*~*~tactically~*~*~ (stealth).
 57835 | Zot:4    | 57835 ||| Stepping ~*~*~tactically~*~*~ (stealth).
 57836 | Zot:4    | 57836 ||| INVOKING Heroism.
 57898 | Zot:4    | 57898 ||| READING scroll labelled CEAD QAUMEHOMM.
 57898 | Zot:4    | Identified a scroll of acquirement
 57898 | Zot:4    | 57898 ||| ACQUIRING 367 gold pieces
 57898 | Zot:4    | Acquired 367 gold pieces
 57918 | Zot:3    | Reached XP level 25. HP: 176/176 MP: 17/30
 57979 | Zot:3    | 57979 ||| Stepping ~*~*~tactically~*~*~ (stealth).
 57980 | Zot:3    | 57980 ||| Stepping ~*~*~tactically~*~*~ (stealth).
 58048 | Zot:3    | 58048 ||| Stepping ~*~*~tactically~*~*~ (stealth).
 58050 | Zot:3    | 58050 ||| Stepping ~*~*~tactically~*~*~ (hiding).
 58236 | Zot:4    | 58236 ||| INVOKING Heroism.
 58293 | Zot:4    | HP: 37/176 [golden dragon (40)]
 58294 | Zot:4    | 58294 ||| READING 6 scrolls of teleportation.
 58294 | Zot:4    | HP: 9/176 [purple draconian/+0 war axe[a green draconian
                  | monk] (27)]
 58295 | Zot:4    | 58295 ||| DRINKING 4 potions of heal wounds.
 58296 | Zot:4    | 58296 ||| DRINKING 3 potions of heal wounds.
 58297 | Zot:4    | 58297 ||| DRINKING 2 potions of heal wounds.
 58300 | Zot:4    | Received a gift from Okawaru
 58363 | Zot:4    | 58363 ||| INVOKING Heroism.
 58364 | Zot:4    | Found a transporter.
 58366 | Zot:4    | Found a transporter.
 58422 | Zot:4    | 58422 ||| Stepping ~*~*~tactically~*~*~ (stealth).
 58452 | Zot:4    | 58452 ||| INVOKING Heroism.
 58491 | Zot:4    | Noticed qw's ghost (veteran TeWr)
 58569 | Zot:4    | 58569 ||| Stepping ~*~*~tactically~*~*~ (stealth).
 58571 | Zot:4    | 58571 ||| Stepping ~*~*~tactically~*~*~ (stealth).
 58640 | Zot:4    | 58640 ||| Stepping ~*~*~tactically~*~*~ (hiding).
 58659 | Zot:4    | Reached skill level 24 in Fighting
 58725 | Zot:4    | 58725 ||| INVOKING Heroism.
 58833 | Zot:4    | 58833 ||| READING scroll of enchant armour.
 58833 | Zot:4    | 58833 ||| ENCHANTING +0 gold dragon scales.
 59031 | Zot:5    | Entered Level 5 of the Realm of Zot
 59034 | Zot:5    | Received a gift from Okawaru
 59061 | Zot:5    | 59061 ||| Stepping ~*~*~tactically~*~*~ (stealth).
 59113 | Zot:5    | 59113 ||| INVOKING Heroism.
 59322 | Zot:5    | Identified the +10 dagger of Capital Punishment {flame,
                  | Str+2 Dex+2}
 59365 | Zot:5    | 59365 ||| Stepping ~*~*~tactically~*~*~ (stealth).
 59518 | Zot:5    | 59518 ||| Stepping ~*~*~tactically~*~*~ (hiding).
 59535 | Zot:5    | 59535 ||| INVOKING Heroism.
 59547 | Zot:5    | Noticed a dread lich
 59548 | Zot:5    | 59548 ||| INVOKING Finesse.
 59583 | Zot:5    | Killed a dread lich
 59595 | Zot:5    | Noticed a dread lich
 59601 | Zot:5    | 59601 ||| Stepping ~*~*~tactically~*~*~ (stealth).
 59721 | Zot:5    | 59721 ||| Stepping ~*~*~tactically~*~*~ (hiding).
 59896 | Zot:5    | 59896 ||| Stepping ~*~*~tactically~*~*~ (stealth).
 59914 | Zot:5    | 59914 ||| INVOKING Heroism.
 59919 | Zot:5    | Received a gift from Okawaru
 60102 | Zot:5    | 60102 ||| INVOKING Heroism.
 60203 | Zot:5    | 60203 ||| INVOKING Heroism.
 60251 | Zot:5    | Noticed an orb of fire
 60252 | Zot:5    | 60252 ||| DRINKING potion of resistance.
 60253 | Zot:5    | 60253 ||| INVOKING Heroism.
 60253 | Zot:5    | Gained mutation: You are dopey. (Int -2) [an orb of fire]
 60254 | Zot:5    | 60254 ||| INVOKING Finesse.
 60255 | Zot:5    | Gained mutation: You do not regenerate when monsters are
                  | visible. [an orb of fire]
 60271 | Zot:5    | Received a gift from Okawaru
 60286 | Zot:5    | Noticed a Killer Klown
 60294 | Zot:5    | Gained mutation: You occasionally shout uncontrollably at
                  | your foes. [an orb of fire]
 60296 | Zot:5    | Noticed a Killer Klown
 60298 | Zot:5    | Gained mutation: You are weak. (Str -2) [an orb of fire]
 60316 | Zot:5    | Killed an orb of fire
 60332 | Zot:5    | Killed a Killer Klown
 60341 | Zot:5    | 60341 ||| INVOKING Finesse.
 60347 | Zot:5    | 60347 ||| INVOKING Heroism.
 60380 | Zot:5    | 60380 ||| INVOKING Finesse.
 60382 | Zot:5    | Noticed a Killer Klown
 60391 | Zot:5    | Reached skill level 25 in Fighting
 60402 | Zot:5    | Killed a Killer Klown
 60405 | Zot:5    | 60405 ||| DRINKING 8 potions of mutation.
 60405 | Zot:5    | Lost mutation: You are weak. (Str -2) [potion of mutation]
 60405 | Zot:5    | Lost mutation: You do not regenerate when monsters are
                  | visible. [potion of mutation]
 60405 | Zot:5    | Gained mutation: You have a pair of small horns on your
                  | head. [potion of mutation]
 60411 | Zot:5    | Killed a Killer Klown
 60421 | Zot:5    | Gained mutation: Your magical capacity is low. (-10% MP)
                  | [mutagenic glow]
 60448 | Zot:5    | Gained mutation: Your body often deteriorates upon taking
                  | damage. [mutagenic glow]
 60451 | Zot:5    | 60451 ||| INVOKING Heroism.
 60470 | Zot:5    | HP: 35/181 [Orb Guardian (19)]
 60471 | Zot:5    | 60471 ||| READING 5 scrolls of teleportation.
 60472 | Zot:5    | 60472 ||| DRINKING potion of heal wounds.
 60472 | Zot:5    | Noticed an orb of fire
 60472 | Zot:5    | HP: 5/181 [Orb Guardian (18)]
 60473 | Zot:5    | Mangled by an Orb Guardian

Levels and vault maps discovered:
D:1:      heliophobic_arrival_ceremonial_halls, layout_rooms,
          hellmonk_ecumenical_altar_defaced_shrine, serial_corexii_hall,
          corexii_hall_statues_s, corexii_hall_statues_l, grunt_decor_fettered,
          chequers_big_river
D:2:      layout_basic, chequers_serial_rivers_large_a, uniq_sigmund
D:3:      layout_loops_corners, mainiacjoe_overflow_six_doors_small,
          mainiacjoe_overflow_surrounded_room, mainiacjoe_overflow_catwalk,
          nemelex_xobeh_ov_fountains_minmay, chequers_serial_rivers_micro_a,
          st_stairs_10, nicolae_grassy_gnolls
D:4:      layout_rooms, fiery_altar_vehumet, yredelemnul_altar_generic,
          serial_bayou, serial_bayou_pond_c, serial_bayou_lagoon_b,
          serial_bayou_ford_a, serial_bayou_lagoon_a, nicolae_titane
D:5:      layout_rooms, mainiacjoe_overflow_boulevard,
          gammafunk_temple_overflow_arena, minmay_temple_entry_poolview,
          serial_shops, nicolae_lakefront_shop, uniq_edmund
D:6:      layout_loops_ring, gup_sewer_entry_pipe, kennysheep_cross_bottleneck,
          uniq_duvessa
D:7:      layout_rooms, kennysheep_little_box, okawaru_gym_becter,
          gammafunk_ghost_gnarly_gnolls, uniq_menkaure, uniq_joseph
D:8:      layout_basic, mainiacjoe_overflow_concentric_impassable,
          erik_lair_orcish_takeover, uniq_grum, uniq_gastronok, uniq_maggie
D:9:      layout_cave_pods
D:10:     layout_rooms, lemuel_doored_altar, serial_ice, serial_ice_h,
          serial_ice_c, serial_ice_o, serial_ice_l,
          lightli_bailey_entry_fortress, hellmonk_bongcloud_opening,
          uniq_erolcha
D:11:     minmay_evil_eye, layout_rooms, nicolae_fountain_basement
D:12:     layout_grid_maze, erik_orc_4
D:13:     layout_roguey, serial_shops, nicolae_shop_waterfront,
          minmay_misc_feat_encased, uniq_rupert
D:14:     layout_gridville, david_vaults_2
D:15:     gammafunk_enter_depths_forms, layout_cave_pools, special_room
          [special_room_orc], basic_altar,
          hangedman_abyss_or_decor_jellyfish_corner
Temple:   zaba_magenta_temple
Lair:1:   layout_loops_ring, nicolae_lair_liquid_snakes
Lair:2:   layout_gridlike, elwin_shoals_entry_rooms,
          hangedman_lair_unloving_vines, minmay_hedge_maze,
          infiniplex_staircase_pool
Lair:3:   layout_cave_pods, nicolae_spider_entry_non_spiders,
          small_statue_intersection, chequers_serial_rivers_micro_e,
          chequers_serial_rivers_micro_e
Lair:4:   layout_concentric_octagons, dpeg_slime_entry_corner
Lair:5:   hellmonk_lair_end_abyssal_woods, layout_concentric_octagons
Shoals:1: layout_shoals, lightli_airlock, uniq_josephine
Shoals:2: layout_shoals, nicolae_shoals_undead_eyrie
Shoals:3: cheibrodos_shoals_epimethial_gifts, layout_shoals, uniq_ilsuiw,
          uniq_polyphemus
Shoals:4: shoals_end_hellmonk_storm_palace [storm_palace_center_square,
          storm_palace_corner_pillars, storm_palace_corner_reverse_hut,
          storm_palace_corner_grid, storm_palace_corner_reverse_hut],
          serial_shops
Spider:1: layout_spider_delve, nicolae_spider_swamp_cousins, uniq_mlioglotl
Spider:2: gammafunk_boulding_lane
Spider:3: layout_chambers, nicolae_spider_undead_wolf_pack
Spider:4: grunt_spider_rune_parallel, uniq_kirke, uniq_roxanne, uniq_louise,
          uniq_agnes
Orc:1:    layout_caves, gammafunk_ghost_grave, serial_shops,
          nicolae_shop_window_shopping, basic_altar
Orc:2:    hellmonk_orc_salted, layout_caves, basic_altar, abandoned_shop,
          mines5_lemuel
Vaults:1: infiniplex_enter_wizlab_spiral, vaults_mumra_hexcomb,
          vaults_dpeg_emergency_exit, vaults_dpeg_cross, gammafunk_the_bubble
          [the_bubble_gammafunk_plus_minus], hangedman_vaults_capsules,
          hangedman_vaults_maws, v_misc_1, grunt_vaults_diagonal,
          vaults_dpeg_ring, layout_vaults_chaotic_city
Vaults:2: v_misc_24, vaults_room_large_hall, ontoclasm_vaults_fault, v_misc_26,
          nicolae_vaults_little_squares_4, ontoclasm_vaults_decontamination,
          v_alt_pattern_1, nicolae_vaults_theta,
          minmay_crypt_entry_simple_sparse, v_misc_8, hangedman_vaults_maws,
          vaults_room_grunt_arrival_ludios, layout_vaults_big_cross,
          uniq_margery
Vaults:3: nicolae_vaults_c_with_doors, vaults_room_fours, v_misc_16,
          vaults_mumra_hex, vaults_standard_mumra_enter_the_diamond,
          ontoclasm_vaults_misaligned, nicolae_vaults_asterisk,
          nicolae_vaults_little_squares_4, vaults_room_stairs_pillars,
          v_pattern_2, layout_vaults_omnigrid
Vaults:4: nicolae_vaults_little_squares_1, hangedman_vaults_river_flow,
          vaults_dpeg_spiral, nicolae_vaults_little_squares_1,
          nicolae_vaults_gold_heap, hangedman_vaults_corner,
          vaults_room_large_hall, vaults_room_ringed_pool, vaults_room_boxed,
          nicolae_vaults_ring_of_whatevers, vaults_dpeg_hooks, st_star,
          layout_vaults_maze_snakey, serial_shops, shop
Vaults:5: serial_shops, uniq_jory, uniq_mennas
Depths:1: layout_gridlike, nicolae_hell_entry_big_baal_hell,
          chequers_serial_rivers_micro_a, wad_rectangle_vault
Depths:2: gammafunk_depths_water_palace, layout_gridlike, hell_entry,
          reono_crystal_passage, grunt_pan_entry_sceptre, st_stairs_10,
          uniq_enchantress, uniq_asterion
Depths:3: hangedman_crystal_crosses_colossus [crystal_crosses_arms_four,
          crystal_crosses_arms_two, crystal_crosses_arms_two,
          crystal_crosses_arms_one], abyss_entry, hell_entry
Depths:4: evilmike_zot_entry_round, layout_gridlike, enter_ziggurat_b,
          grunt_hell_entry_dis_grunt, abyss_entry_crystal, old_standard_altar,
          kennysheep_random_hallway
Zot:1:    layout_concentric_octagons
Zot:2:    kennysheep_ambush_hall, layout_onion, hangedman_hellfire_club
Zot:3:    layout_twisted_circle, zot_minivault_2
Zot:4:    layout_onion, gammafunk_ghost_abyssal_escape
Zot:5:    layout_gridlike

Skill      XL: |  1  2  3  4  5  6  7  8  9 10 11 12 13 14 15 16 17 18 19 20 21 22 23 24 25 |
---------------+----------------------------------------------------------------------------+-----
Axes           | 2 3 5 7 8 10 11 12 13 15 16 17 18 | 18.0
Throwing       | 1 3 4 5 8 9 10 11 12 13 14 | 14.4
Dodging        | 1 2 3 4 5 8 9 10 | 10.0
Fighting       | 4 5 6 7 9 10 11 12 13 14 16 17 19 20 21 22 23 25 | 25.0
Armour         | 4 5 7 8 9 10 11 12 14 15 17 18 22 | 22.0
Shields        | 4 5 6 7 8 11 14 15 17 19 20 21 22 | 22.0
Invocations    | 3 6 10 | 10.0

Action                   |  1- 3 |  4- 6 |  7- 9 | 10-12 | 13-15 | 16-18 | 19-21 | 22-24 | 25-27 || total
-------------------------+-------+-------+-------+-------+-------+-------+-------+-------+-------++-------
Melee: War axe           |    66 |    69 |   321 |   478 |   622 |       |  1986 |  2586 |   787 ||  6915
       Flail             |       |       |       |     4 |    38 |       |       |       |       ||    42
       Broad axe         |       |       |       |       |   382 |  1426 |   102 |       |       ||  1910
       Headbutt          |       |       |       |       |       |       |       |       |    10 ||    10
Throw: Javelin           |    23 |       |       |     3 |    81 |    32 |   100 |    96 |    37 ||   372
       Boomerang         |       |       |    35 |    79 |   147 |   174 |    11 |       |       ||   446
Invok: Heroism           |       |       |       |    23 |    34 |    55 |    47 |    71 |    12 ||   242
       Finesse           |       |       |       |     1 |     8 |    13 |    21 |    15 |     4 ||    62
  Use: Scroll            |     1 |     6 |     9 |     8 |     8 |     8 |     1 |     8 |     3 ||    52
       Potion            |       |     2 |       |     3 |     3 |     1 |    10 |     8 |     6 ||    33
 Stab: Distracted        |       |       |       |       |     1 |       |       |       |       ||     1
       Held in net/web   |       |       |       |       |       |     1 |       |       |       ||     1
       Confused          |       |       |       |       |       |       |       |     3 |       ||     3
Armor: Scale mail        |    22 |       |       |       |       |       |       |       |       ||    22
       Ring mail         |     6 |    22 |    67 |       |       |       |       |       |       ||    95
       Chain mail        |       |       |    91 |       |   244 |   527 |   669 |   688 |       ||  2219
       Plate armour      |       |       |     7 |   289 |   247 |       |       |       |       ||   543
       Gold dragon scale |       |       |       |       |       |       |       |   670 |   583 ||  1253
Dodge: Dodged            |    27 |    30 |   102 |   152 |   355 |   335 |   451 |  1015 |   396 ||  2863
Block: Buckler           |     9 |    12 |    61 |    76 |   216 |       |       |       |       ||   374
       Kite shield       |       |       |       |       |    65 |   922 |       |       |       ||   987
       Reflection        |       |       |       |       |       |    38 |    57 |       |       ||    95
       Tower shield      |       |       |       |       |       |   211 |  1838 |  2583 |   831 ||  5463

Table legend:
 A = Non-vault XP
 B = Vault XP
 C = Vault XP percentage of total XP
 D = Non-vault monster count
 E = Vault monster count
 F = Vault count percentage of total count
                 A         B        C        D         E       F
            +---------+---------+-------+---------+---------+-------
      Total |  593267 |  493660 |  45.4 |    1169 |     744 |  38.9
            +---------+---------+-------+---------+---------+-------
        D:1 |      46 |       8 |  14.8 |      19 |       4 |  17.4
        D:2 |      13 |     226 |  94.6 |       7 |       1 |  12.5
        D:3 |     274 |      69 |  20.1 |      18 |       8 |  30.8
        D:4 |     575 |       0 |   0.0 |      20 |       0 |   0.0
        D:5 |     743 |     157 |  17.4 |      10 |       1 |   9.1
        D:6 |    1761 |     228 |  11.5 |      29 |       7 |  19.4
        D:7 |     681 |     627 |  47.9 |      12 |       2 |  14.3
        D:8 |     772 |    3077 |  79.9 |      19 |      15 |  44.1
        D:9 |    2909 |       0 |   0.0 |      14 |       0 |   0.0
       D:10 |    1691 |    2827 |  62.6 |      19 |      23 |  54.8
       D:11 |    2034 |    1574 |  43.6 |      13 |       4 |  23.5
       D:12 |    8174 |     567 |   6.5 |      23 |      17 |  42.5
       D:13 |    5608 |    1879 |  25.1 |      18 |       1 |   5.3
       D:14 |    6665 |     726 |   9.8 |      16 |       3 |  15.8
       D:15 |   19801 |    6432 |  24.5 |      35 |      33 |  48.5
     Lair:1 |    6030 |     304 |   4.8 |      32 |       6 |  15.8
     Lair:2 |    4413 |     759 |  14.7 |      14 |       2 |  12.5
     Lair:3 |    7267 |     578 |   7.4 |      20 |       8 |  28.6
     Lair:4 |    9580 |       0 |   0.0 |      24 |       0 |   0.0
     Lair:5 |   23981 |    9529 |  28.4 |      64 |      35 |  35.4
   Shoals:1 |    9975 |    1717 |  14.7 |      16 |       5 |  23.8
   Shoals:2 |   20527 |    1233 |   5.7 |      44 |       4 |   8.3
   Shoals:3 |   18106 |   14288 |  44.1 |      33 |      20 |  37.7
   Shoals:4 |   15405 |   21612 |  58.4 |      34 |      44 |  56.4
   Spider:1 |    8031 |    5919 |  42.4 |      22 |      14 |  38.9
   Spider:2 |   22394 |       0 |   0.0 |      72 |       0 |   0.0
   Spider:3 |    5864 |    9204 |  61.1 |      18 |      18 |  50.0
   Spider:4 |   12060 |   19636 |  62.0 |      22 |      38 |  63.3
      Orc:1 |    4283 |       0 |   0.0 |      61 |       0 |   0.0
      Orc:2 |    3668 |   12620 |  77.5 |      32 |      38 |  54.3
   Vaults:1 |   14451 |    9409 |  39.4 |      18 |      17 |  48.6
   Vaults:2 |    6049 |    9952 |  62.2 |      10 |      13 |  56.5
   Vaults:3 |   25843 |   32832 |  56.0 |      37 |      42 |  53.2
   Vaults:4 |   21129 |   40460 |  65.7 |      33 |      49 |  59.8
   Vaults:5 |   10325 |   64427 |  86.2 |      13 |      60 |  82.2
   Depths:1 |   46587 |    7892 |  14.5 |      53 |       9 |  14.5
   Depths:2 |   16257 |   60182 |  78.7 |      21 |      61 |  74.4
   Depths:3 |       0 |   53650 | 100.0 |       0 |      52 | 100.0
   Depths:4 |   41404 |   21498 |  34.2 |      40 |      18 |  31.0
      Zot:1 |   12049 |       0 |   0.0 |      11 |       0 |   0.0
      Zot:2 |   40454 |   10994 |  21.4 |      40 |      12 |  23.1
      Zot:3 |   47721 |   21151 |  30.7 |      36 |      12 |  25.0
      Zot:4 |   55501 |       0 |   0.0 |      49 |       0 |   0.0
      Zot:5 |   32166 |   44828 |  58.2 |      28 |      20 |  41.7
      Sewer |       0 |     589 | 100.0 |       0 |      28 | 100.0
            +---------+---------+-------+---------+---------+-------
